Workbook
Name \0: #REF!
Name ________________________________xlnm.Database: #N/A
Name _______________Rbv1: #REF!
Name ______________mem2: #REF!
Name ______________Rbv1: #REF!
Name _____________Rbv1: #REF!
Name ____________mem2: #REF!
Name ____________Rbv1: #REF!
Name ___________Rbv1: #REF!
Name __________emp2: #REF!
Name __________Rbv1: #REF!
Name _________emp2: #REF!
Name _________mem2: #REF!
Name _________Rbv1: #REF!
Name _________reg1: #REF!
Name _________reg3: #REF!
Name _________reg5: #REF!
Name _________reg7: #REF!
Name _________TT1: #REF!
Name _________TT10: #REF!
Name _________TT100: #REF!
Name _________TT101: #REF!
Name _________TT103: #REF!
Name _________TT104: #REF!
Name _________TT105: #REF!
Name _________TT106: #REF!
Name _________TT108: #REF!
Name _________TT109: #REF!
Name _________TT11: #REF!
Name _________TT110: #REF!
Name _________TT111: #REF!
Name _________TT112: #REF!
Name _________TT113: #REF!
Name _________TT114: #REF!
Name _________TT115: #REF!
Name _________TT116: #REF!
Name _________TT117: #REF!
Name _________TT118: #REF!
Name _________TT119: #REF!
Name _________TT12: #REF!
Name _________TT120: #REF!
Name _________TT122: #REF!
Name _________TT124: #REF!
Name _________TT125: #REF!
Name _________TT126: #REF!
Name _________TT127: #REF!
Name _________TT128: #REF!
Name _________TT129: #REF!
Name _________TT13: #REF!
Name _________TT130: #REF!
Name _________TT131: #REF!
Name _________TT132: #REF!
Name _________TT133: #REF!
Name _________TT134: #REF!
Name _________TT135: #REF!
Name _________TT136: #REF!
Name _________TT137: #REF!
Name _________TT138: #REF!
Name _________TT139: #REF!
Name _________TT14: #REF!

Sheet CAPA (0)
A1: #VALUE!
A2: ANEXO III — PLANILHA DE COMPOSIÇÃO DE PREÇOS
A3: MANUTENÇÃO DE ÁREAS VERDES E MANEJO DA ARBORIZAÇÃO

Sheet CAPA (1)
A2: ='PLANILHA RESUMO DE PREÇOS'!A7:I7 -> PLANILHA RESUMO DE QUANTIDADES E PREÇOS

Sheet PLANILHA RESUMO DE PREÇOS
A2: PREFEITURA MUNICIPAL DE VILA VELHA
A3: SECRETARIA MUNICIPAL DE SERVIÇOS URBANOS
A4: PLANILHA RESUMO DE QUANTIDADES E PREÇOS
A5: DATA-BASE: MARÇO/2026
A7: =A4 -> PLANILHA RESUMO DE QUANTIDADES E PREÇOS
A9: OBJETO: MANUTENÇÃO DE ÁREAS VERDES E MANEJO DA ARBORIZAÇÃO URBANA
A11: ITEM | B11: DESCRIÇÃO DOS SERVIÇOS | C11: UNIDADE | D11: QUANT / MÊS | E11: QUANT. / 12 MESES | F11: QUANT / 60 MESES | G11: VALOR UNITÁRIO | H11: VALOR MENSAL | I11: VALOR PARA 12 MESES | J11: VALOR PARA 60 MESES
A12: 1 | B12: MANUTENÇÃO E PAISAGISMO | C12: mês | D12: 1 | E12: =D12*12 -> 12 | F12: =D12*60 -> 60 | G12: ='PLANILHA DESCRITIVA'!$J$23 -> 487659.61 | H12: =ROUND(G12*D12,2) -> 487659.61 | I12: =ROUND(G12*E12,2) -> 5851915.3 | J12: =ROUND(G12*F12,2) -> 29259577
A13: 2 | B13: PODA DE ÁRVORE | C13: mês | D13: 1 | E13: =D13*12 -> 12 | F13: =D13*60 -> 60 | G13: ='PLANILHA DESCRITIVA'!$J$38 -> 440106.72 | H13: =ROUND(G13*D13,2) -> 440106.72 | I13: =ROUND(G13*E13,2) -> 5281280.6 | J13: =ROUND(G13*F13,2) -> 26406403
A14: 3 | B14: SUPRESSÃO | C14: mês | D14: 1 | E14: =D14*12 -> 12 | F14: =D14*60 -> 60 | G14: ='PLANILHA DESCRITIVA'!$J$53 -> 110138.68 | H14: =ROUND(G14*D14,2) -> 110138.68 | I14: =ROUND(G14*E14,2) -> 1321664.2 | J14: =ROUND(G14*F14,2) -> 6608320.8
A15: 4 | B15: OPERAÇÃO DO VIVEIRO | C15: mês | D15: 1 | E15: =D15*12 -> 12 | F15: =D15*60 -> 60 | G15: ='PLANILHA DESCRITIVA'!$J$68 -> 134803.03 | H15: =ROUND(G15*D15,2) -> 134803.03 | I15: =ROUND(G15*E15,2) -> 1617636.4 | J15: =ROUND(G15*F15,2) -> 8088181.8
A16: 5 | B16: ROÇAGEM MECANIZADA | C16: mês | D16: 1 | E16: =D16*12 -> 12 | F16: =D16*60 -> 60 | G16: ='PLANILHA DESCRITIVA'!$J$82 -> 586769.56 | H16: =ROUND(G16*D16,2) -> 586769.56 | I16: =ROUND(G16*E16,2) -> 7041234.7 | J16: =ROUND(G16*F16,2) -> 35206174
A17: 6 | B17: IRRIGAÇÃO | C17: mês | D17: 1 | E17: =D17*12 -> 12 | F17: =D17*60 -> 60 | G17: ='PLANILHA DESCRITIVA'!$J$91 -> 422288 | H17: =ROUND(G17*D17,2) -> 422288 | I17: =ROUND(G17*E17,2) -> 5067456 | J17: =ROUND(G17*F17,2) -> 25337280
A18: 7 | B18: OPERAÇÃO COM RETROESCAVADEIRA | C18: mês | D18: 1 | E18: =D18*12 -> 12 | F18: =D18*60 -> 60 | G18: ='PLANILHA DESCRITIVA'!$J$99 -> 34028.8 | H18: =ROUND(G18*D18,2) -> 34028.8 | I18: =ROUND(G18*E18,2) -> 408345.6 | J18: =ROUND(G18*F18,2) -> 2041728
A19: 8 | B19: CONSUMOS | C19: mês | D19: 1 | E19: =D19*12 -> 12 | F19: =D19*60 -> 60 | G19: ='PLANILHA DESCRITIVA'!$J$110 -> 42620.1 | H19: =ROUND(G19*D19,2) -> 42620.1 | I19: =ROUND(G19*E19,2) -> 511441.2 | J19: =ROUND(G19*F19,2) -> 2557206
A20: 9 | B20: CENTRO DE CONTROLE OPERACIONAL | C20: mês | D20: 1 | E20: =D20*12 -> 12 | F20: =D20*60 -> 60 | G20: ='PLANILHA DESCRITIVA'!$J$115 -> 21897.55 | H20: =ROUND(G20*D20,2) -> 21897.55 | I20: =ROUND(G20*E20,2) -> 262770.6 | J20: =ROUND(G20*F20,2) -> 1313853
A21: VALOR TOTAL (R$): | H21: =SUM(H12:H20) -> 2280312 | I21: =SUM(I12:I20) -> 27363745 | J21: =SUM(J12:J20) -> 136818723

Sheet CAPA (2)
A2: ='PLANILHA DESCRITIVA'!A8:K8 -> PLANILHA ORÇAMENTÁRIA DE PREÇOS UNITÁRIOS

Sheet PLANILHA DESCRITIVA
A4: ='PLANILHA RESUMO DE PREÇOS'!A2:I2 -> PREFEITURA MUNICIPAL DE VILA VELHA
A5: ='PLANILHA RESUMO DE PREÇOS'!A3:I3 -> SECRETARIA MUNICIPAL DE SERVIÇOS URBANOS
A6: PLANILHA ORÇAMENTÁRIA DE PREÇOS UNITÁRIOS
A7: ='PLANILHA RESUMO DE PREÇOS'!A5:I5 -> DATA-BASE: MARÇO/2026
A8: PLANILHA ORÇAMENTÁRIA DE PREÇOS UNITÁRIOS
A10: OBJETO: MANUTENÇÃO DE ÁREAS VERDES E MANEJO DA ARBORIZAÇÃO URBANA
A11: ITEM | B11: REFERÊNCIA | C11: DESCRIÇÃO DOS SERVIÇOS | D11: QUANTIDADE | I11: VALORES
A12: 1 | C12: MANUTENÇÃO E PAISAGISMO | D12: Unidade | E12: Quant./Mês | F12: Quant. h/mês | G12: Qtde. 12 Meses | H12: Qtde. 60 Meses | I12: Unitário | J12: Mensal | K12: Valor p/ 12 Meses | L12: Valor p/ 60 Meses
A13: 1.1 | C13: MÃO DE OBRA - HORAS NORMAIS
A14: 1.1.1 | B14: *Composição | C14: Encarregado | D14: Homem / hora | E14: 5 | F14: 220 | G14: =ROUND(F14*E14*12,2) -> 13200 | H14: =ROUND(F14*E14*60,2) -> 66000 | I14: ='ENC. HN'!F28 -> 51.08 | J14: =ROUND(I14*F14*E14,2) -> 56188 | K14: =ROUND(G14*I14,2) -> 674256 | L14: =ROUND(H14*I14,2) -> 3371280
A15: 1.1.2 | B15: *Composição | C15: Jardineiro | D15: Homem / hora | E15: 25 | F15: 220 | G15: =ROUND(F15*E15*12,2) -> 66000 | H15: =ROUND(F15*E15*60,2) -> 330000 | I15: ='JAR. HN'!F29 -> 35.22 | J15: =ROUND(I15*F15*E15,2) -> 193710 | K15: =ROUND(G15*I15,2) -> 2324520 | L15: =ROUND(H15*I15,2) -> 11622600
A16: 1.1.3 | B16: *Composição | C16: Operador de Equipamento Leve | D16: Homem / hora | E16: 5 | F16: 220 | G16: =ROUND(F16*E16*12,2) -> 13200 | H16: =ROUND(F16*E16*60,2) -> 66000 | I16: ='OP.LEV.HN'!E31 -> 38.29 | J16: =ROUND(I16*F16*E16,2) -> 42119 | K16: =ROUND(G16*I16,2) -> 505428 | L16: =ROUND(H16*I16,2) -> 2527140
A17: 1.1.4 | B17: *Composição | C17: Motorista faixa I | D17: Homem / hora | E17: 5 | F17: 220 | G17: =ROUND(F17*E17*12,2) -> 13200 | H17: =ROUND(F17*E17*60,2) -> 66000 | I17: ='MOT1. HN'!E29 -> 45.78 | J17: =ROUND(I17*F17*E17,2) -> 50358 | K17: =ROUND(G17*I17,2) -> 604296 | L17: =ROUND(H17*I17,2) -> 3021480
A18: 1.2 | C18: VEÍCULOS, EQUIPAMENTOS E FERRAMENTAS
A19: 1.2.1 | B19: *Composição | C19: Roçadeira STIHL FS 220 | D19: und./mês | E19: 5 | F19: 1 | G19: =ROUND(E19*12,2) -> 60 | H19: =ROUND(F19*E19*60,2) -> 300 | I19: ='4.6'!F14 -> 1726.65 | J19: =ROUND(I19*F19*E19,2) -> 8633.25 | K19: =ROUND(G19*I19,2) -> 103599 | L19: =ROUND(H19*I19,2) -> 517995
A20: 1.2.2 | B20: *Composição | C20: Podador STIHL HS 82 R | D20: und./mês | E20: 2 | F20: 1 | G20: =ROUND(E20*12,2) -> 24 | H20: =ROUND(F20*E20*60,2) -> 120 | I20: ='4.5'!F13 -> 1321.52 | J20: =ROUND(I20*F20*E20,2) -> 2643.04 | K20: =ROUND(G20*I20,2) -> 31716.48 | L20: =ROUND(H20*I20,2) -> 158582.4
A21: 1.2.3 | B21: *Composição | C21: Ferramentas Manuais | D21: und./mês | E21: 5 | F21: 1 | G21: =ROUND(E21*12,2) -> 60 | H21: =ROUND(F21*E21*60,2) -> 300 | I21: =F.MP!E34 -> 429.66333 | J21: =ROUND(I21*F21*E21,2) -> 2148.32 | K21: =ROUND(G21*I21,2) -> 25779.8 | L21: =ROUND(H21*I21,2) -> 128899
A22: 1.2.4 | B22: *Composição | C22: Caminhão 3/4, cabine suplementar de 6 lugares e carroceria | D22: Equip. / hora | E22: 5 | F22: 200 | G22: =ROUND(F22*E22*12,2) -> 12000 | H22: =ROUND(F22*E22*60,2) -> 60000 | I22: =Veículos!F6 -> 131.86 | J22: =ROUND(I22*F22*E22,2) -> 131860 | K22: =ROUND(G22*I22,2) -> 1582320 | L22: =ROUND(H22*I22,2) -> 7911600
C23: SUBTOTAL 1: | J23: =SUM(J14:J22) -> 487659.61 | K23: =ROUND(J23*12,2) -> 5851915.3 | L23: =ROUND(J23*60,2) -> 29259577
A25: Item | B25: Referência | C25: Descrição dos Serviços | D25: QUANTIDADE | I25: VALORES
A26: 2 | C26: PODA DE ÁRVORE | D26: Unidade | E26: Quant./Mês | F26: Quant. h/mês | G26: Qtde. 12 Meses | H26: Qtde. 60 Meses | I26: Unitário | J26: Mensal | K26: Valor p/ 12 Meses | L26: Valor p/ 60 Meses
A27: 2.1 | C27: MÃO DE OBRA - HORAS NORMAIS
A28: 2.1.1 | B28: *Composição | C28: Encarregado | D28: Homem / hora | E28: 4 | F28: 220 | G28: =ROUND(F28*E28*12,2) -> 10560 | H28: =ROUND(F28*E28*60,2) -> 52800 | I28: =I14 -> 51.08 | J28: =ROUND(I28*F28*E28,2) -> 44950.4 | K28: =ROUND(G28*I28,2) -> 539404.8 | L28: =ROUND(H28*I28,2) -> 2697024
A29: 2.1.2 | B29: *Composição | C29: Jardineiro | D29: Homem / hora | E29: 8 | F29: 220 | G29: =ROUND(F29*E29*12,2) -> 21120 | H29: =ROUND(F29*E29*60,2) -> 105600 | I29: =I15 -> 35.22 | J29: =ROUND(I29*F29*E29,2) -> 61987.2 | K29: =ROUND(G29*I29,2) -> 743846.4 | L29: =ROUND(H29*I29,2) -> 3719232
A30: 2.1.3 | B30: *Composição | C30: Operador de Equipamento Leve | D30: Homem / hora | E30: 12 | F30: 220 | G30: =ROUND(F30*E30*12,2) -> 31680 | H30: =ROUND(F30*E30*60,2) -> 158400 | I30: =I16 -> 38.29 | J30: =ROUND(I30*F30*E30,2) -> 101085.6 | K30: =ROUND(G30*I30,2) -> 1213027.2 | L30: =ROUND(H30*I30,2) -> 6065136
A31: 2.1.4 | B31: *Composição | C31: Motorista faixa III | D31: Homem / hora | E31: 4 | F31: 220 | G31: =ROUND(F31*E31*12,2) -> 10560 | H31: =ROUND(F31*E31*60,2) -> 52800 | I31: ='MOT3. HN'!E29 -> 55.14 | J31: =ROUND(I31*F31*E31,2) -> 48523.2 | K31: =ROUND(G31*I31,2) -> 582278.4 | L31: =ROUND(H31*I31,2) -> 2911392
A32: 2.2 | C32: VEÍCULOS, EQUIPAMENTOS E FERRAMENTAS
A33: 2.2.1 | B33: *Composição | C33: Motosserra MS 460 | D33: und./mês | E33: 4 | F33: 1 | G33: =ROUND(E33*12,2) -> 48 | H33: =ROUND(F33*E33*60,2) -> 240 | I33: ='4.1'!F14 -> 2218.56 | J33: =ROUND(I33*F33*E33,2) -> 8874.24 | K33: =ROUND(G33*I33,2) -> 106490.88 | L33: =ROUND(H33*I33,2) -> 532454.4
A34: 2.2.2 | B34: *Composição | C34: Motosserra MS 260 | D34: und./mês | E34: 4 | F34: 1 | G34: =ROUND(E34*12,2) -> 48 | H34: =ROUND(F34*E34*60,2) -> 240 | I34: ='4.2'!F14 -> 1712.93 | J34: =ROUND(I34*F34*E34,2) -> 6851.72 | K34: =ROUND(G34*I34,2) -> 82220.64 | L34: =ROUND(H34*I34,2) -> 411103.2
A35: 2.2.3 | B35: *Composição | C35: Motopoda STIHL HT 135 | D35: und./mês | E35: 4 | F35: 1 | G35: =ROUND(E35*12,2) -> 48 | H35: =ROUND(F35*E35*60,2) -> 240 | I35: ='4.3'!F14 -> 1932.82 | J35: =ROUND(I35*F35*E35,2) -> 7731.28 | K35: =ROUND(G35*I35,2) -> 92775.36 | L35: =ROUND(H35*I35,2) -> 463876.8
A36: 2.2.4 | B36: *Composição | C36: Ferramentas Manuais | D36: und./mês | E36: 4 | F36: 1 | G36: =ROUND(E36*12,2) -> 48 | H36: =ROUND(F36*E36*60,2) -> 240 | I36: =F.PS!E25 -> 443.77083 | J36: =ROUND(I36*F36*E36,2) -> 1775.08 | K36: =ROUND(G36*I36,2) -> 21301 | L36: =ROUND(H36*I36,2) -> 106505
A37: 2.2.5 | B37: *Composição | C37: Caminhão Munk com alcance mínimo de 15 metros c/ cesto aéreo | D37: Equip. / hora | E37: 4 | F37: 200 | G37: =ROUND(F37*E37*12,2) -> 9600 | H37: =ROUND(F37*E37*60,2) -> 48000 | I37: =Veículos!F7 -> 197.91 | J37: =ROUND(I37*F37*E37,2) -> 158328 | K37: =ROUND(G37*I37,2) -> 1899936 | L37: =ROUND(H37*I37,2) -> 9499680
C38: SUBTOTAL 2: | J38: =SUM(J27:J37) -> 440106.72 | K38: =ROUND(J38*12,2) -> 5281280.6 | L38: =ROUND(J38*60,2) -> 26406403
A40: Item | B40: Referência | C40: Descrição dos Serviços | D40: QUANTIDADE | I40: VALORES
A41: 3 | C41: SUPRESSÃO ARBÓREA | D41: Unidade | E41: Quant./Mês | F41: Quant. h/mês | G41: Qtde. 12 Meses | H41: Qtde. 60 Meses | I41: Unitário | J41: Mensal | K41: Valor p/ 12 Meses | L41: Valor p/ 60 Meses
A42: 3.1 | C42: MÃO DE OBRA - HORAS NORMAIS
A43: 3.1.1 | B43: *Composição | C43: Encarregado | D43: Homem / hora | E43: 1 | F43: 220 | G43: =ROUND(F43*E43*12,2) -> 2640 | H43: =ROUND(F43*E43*60,2) -> 13200 | I43: =I14 -> 51.08 | J43: =ROUND(I43*F43*E43,2) -> 11237.6 | K43: =ROUND(G43*I43,2) -> 134851.2 | L43: =ROUND(H43*I43,2) -> 674256
A44: 3.1.2 | B44: *Composição | C44: Jardineiro | D44: Homem / hora | E44: 2 | F44: 220 | G44: =ROUND(F44*E44*12,2) -> 5280 | H44: =ROUND(F44*E44*60,2) -> 26400 | I44: =I15 -> 35.22 | J44: =ROUND(I44*F44*E44,2) -> 15496.8 | K44: =ROUND(G44*I44,2) -> 185961.6 | L44: =ROUND(H44*I44,2) -> 929808
A45: 3.1.3 | B45: *Composição | C45: Operador de Equipamento Leve | D45: Homem / hora | E45: 3 | F45: 220 | G45: =ROUND(F45*E45*12,2) -> 7920 | H45: =ROUND(F45*E45*60,2) -> 39600 | I45: =I16 -> 38.29 | J45: =ROUND(I45*F45*E45,2) -> 25271.4 | K45: =ROUND(G45*I45,2) -> 303256.8 | L45: =ROUND(H45*I45,2) -> 1516284
A46: 3.1.4 | B46: *Composição | C46: Motorista faixa III | D46: Homem / hora | E46: 1 | F46: 220 | G46: =ROUND(F46*E46*12,2) -> 2640 | H46: =ROUND(F46*E46*60,2) -> 13200 | I46: ='MOT3. HN'!E29 -> 55.14 | J46: =ROUND(I46*F46*E46,2) -> 12130.8 | K46: =ROUND(G46*I46,2) -> 145569.6 | L46: =ROUND(H46*I46,2) -> 727848
A47: 3.2 | C47: VEÍCULOS, EQUIPAMENTOS E FERRAMENTAS
A48: 3.2.1 | B48: *Composição | C48: Motosserra STIHL MS 460 | D48: und./mês | E48: 1 | F48: 1 | G48: =ROUND(E48*12,2) -> 12 | H48: =ROUND(F48*E48*60,2) -> 60 | I48: =I33 -> 2218.56 | J48: =ROUND(I48*F48*E48,2) -> 2218.56 | K48: =ROUND(G48*I48,2) -> 26622.72 | L48: =ROUND(H48*I48,2) -> 133113.6
A49: 3.2.2 | B49: *Composição | C49: Motosserra STIHL MS 260 | D49: und./mês | E49: 1 | F49: 1 | G49: =ROUND(E49*12,2) -> 12 | H49: =ROUND(F49*E49*60,2) -> 60 | I49: ='4.2'!F14 -> 1712.93 | J49: =ROUND(I49*F49*E49,2) -> 1712.93 | K49: =ROUND(G49*I49,2) -> 20555.16 | L49: =ROUND(H49*I49,2) -> 102775.8
A50: 3.2.3 | B50: *Composição | C50: Motopoda STIHL HT 135 | D50: und./mês | E50: 1 | F50: 1 | G50: =ROUND(E50*12,2) -> 12 | H50: =ROUND(F50*E50*60,2) -> 60 | I50: =I35 -> 1932.82 | J50: =ROUND(I50*F50*E50,2) -> 1932.82 | K50: =ROUND(G50*I50,2) -> 23193.84 | L50: =ROUND(H50*I50,2) -> 115969.2
A51: 3.2.4 | B51: *Composição | C51: Ferramentas Manuais | D51: und./mês | E51: 1 | F51: 1 | G51: =ROUND(E51*12,2) -> 12 | H51: =ROUND(F51*E51*60,2) -> 60 | I51: =F.PS!E25 -> 443.77083 | J51: =ROUND(I51*F51*E51,2) -> 443.77 | K51: =ROUND(G51*I51,2) -> 5325.25 | L51: =ROUND(H51*I51,2) -> 26626.25
A52: 3.2.5 | B52: *Composição | C52: Caminhão Munk com alcance mínimo de 20 metros c/ cesto aéreo | D52: Equip. / hora | E52: 1 | F52: 200 | G52: =ROUND(F52*E52*12,2) -> 2400 | H52: =ROUND(F52*E52*60,2) -> 12000 | I52: =Veículos!F8 -> 198.47 | J52: =ROUND(I52*F52*E52,2) -> 39694 | K52: =ROUND(G52*I52,2) -> 476328 | L52: =ROUND(H52*I52,2) -> 2381640
C53: SUBTOTAL 3: | J53: =SUM(J42:J52) -> 110138.68 | K53: =ROUND(J53*12,2) -> 1321664.2 | L53: =ROUND(J53*60,2) -> 6608320.8
A55: Item | B55: Referência | C55: Descrição dos Serviços | D55: QUANTIDADE | I55: VALORES
A56: 4 | C56: OPERAÇÃO DE VIVEIRO | D56: Unidade | E56: Quant./Mês | F56: Quant. h/mês | G56: Qtde. 12 Meses | H56: Qtde. 60 Meses | I56: Unitário | J56: Mensal | K56: Valor p/ 12 Meses | L56: Valor p/ 60 Meses
A57: 4.1 | C57: MÃO DE OBRA - HORAS NORMAIS
A58: 4.1.1 | B58: *Composição | C58: Jardineiro | D58: Homem / hora | E58: 3 | F58: 220 | G58: =ROUND(F58*E58*12,2) -> 7920 | H58: =ROUND(E58*F58*60,2) -> 39600 | I58: =I15 -> 35.22 | J58: =ROUND(I58*F58*E58,2) -> 23245.2 | K58: =ROUND(G58*I58,2) -> 278942.4 | L58: =ROUND(H58*I58,2) -> 1394712
A59: 4.1.2 | B59: *Composição | C59: Operador de Equipamento Leve | D59: Homem / hora | E59: 1 | F59: 220 | G59: =ROUND(F59*E59*12,2) -> 2640 | H59: =ROUND(E59*F59*60,2) -> 13200 | I59: =I16 -> 38.29 | J59: =ROUND(I59*F59*E59,2) -> 8423.8 | K59: =ROUND(G59*I59,2) -> 101085.6 | L59: =ROUND(H59*I59,2) -> 505428
A60: 4.1.3 | B60: *Composição | C60: Motorista I | D60: Homem / hora | E60: 2 | F60: 220 | G60: =ROUND(F60*E60*12,2) -> 5280 | H60: =ROUND(E60*F60*60,2) -> 26400 | I60: ='MOT1. HN'!E29 -> 45.78 | J60: =ROUND(I60*F60*E60,2) -> 20143.2 | K60: =ROUND(G60*I60,2) -> 241718.4 | L60: =ROUND(H60*I60,2) -> 1208592
A61: 4.2 | C61: VEÍCULOS, EQUIPAMENTOS E FERRAMENTAS
A62: 4.2.1 | B62: *Composição | C62: Motosserra STIHL MS 460 | D62: und./mês | E62: 1 | F62: 1 | G62: =ROUND(E62*12,2) -> 12 | H62: =ROUND(E62*F62*60,2) -> 60 | I62: =I33 -> 2218.56 | J62: =ROUND(I62*F62*E62,2) -> 2218.56 | K62: =ROUND(G62*I62,2) -> 26622.72 | L62: =ROUND(H62*I62,2) -> 133113.6
A63: 4.2.2 | B63: *Composição | C63: Ferramentas Manuais | D63: und./mês | E63: 1 | F63: 1 | G63: =ROUND(E63*12,2) -> 12 | H63: =ROUND(E63*F63*60,2) -> 60 | I63: =F.OV!$E$34 -> 412.265 | J63: =ROUND(I63*F63*E63,2) -> 412.27 | K63: =ROUND(G63*I63,2) -> 4947.18 | L63: =ROUND(H63*I63,2) -> 24735.9
A64: 4.2.3 | B64: *Mercado | C64: Sacola para mudas | D64: und./mês | E64: 1200 | F64: 1 | G64: =ROUND(E64*12,2) -> 14400 | H64: =ROUND(E64*60,2) -> 72000 | I64: =CONSUMOS!D6 -> 0.61 | J64: =ROUND(I64*F64*E64,2) -> 732 | K64: =ROUND(G64*I64,2) -> 8784 | L64: =ROUND(H64*I64,2) -> 43920
A65: 4.2.4 | B65: *Composição | C65: Caminhão Carroceria PBT = 12.500 KG | D65: Equip. / hora | E65: 1 | F65: 200 | G65: =ROUND(F65*E65*12,2) -> 2400 | H65: =ROUND(E65*F65*60,2) -> 12000 | I65: =Veículos!F10 -> 156.21 | J65: =ROUND(I65*F65*E65,2) -> 31242 | K65: =ROUND(G65*I65,2) -> 374904 | L65: =ROUND(H65*I65,2) -> 1874520
A66: 4.2.5 | B66: *Composição | C66: Caçamba Basculante 6m³ | D66: Equip. / hora | E66: 1 | F66: 200 | G66: =ROUND(F66*E66*12,2) -> 2400 | H66: =ROUND(E66*F66*60,2) -> 12000 | I66: =Veículos!F9 -> 158.28 | J66: =ROUND(I66*F66*E66,2) -> 31656 | K66: =ROUND(G66*I66,2) -> 379872 | L66: =ROUND(H66*I66,2) -> 1899360
A67: 4.2.6 | B67: *Composição | C67: Triturador de galho sobre reboque, potência mínima de 25 hp com capacidade de trituração de galhos até 8". | D67: Equip. / hora | E67: 1 | F67: 200 | G67: =ROUND(F67*E67*12,2) -> 2400 | H67: =ROUND(E67*F67*60,2) -> 12000 | I67: =Equip.!F12 -> 83.65 | J67: =ROUND(I67*F67*E67,2) -> 16730 | K67: =ROUND(G67*I67,2) -> 200760 | L67: =ROUND(H67*I67,2) -> 1003800
C68: SUBTOTAL 4: | J68: =SUM(J58:J67) -> 134803.03 | K68: =ROUND(J68*12,2) -> 1617636.4 | L68: =ROUND(J68*60,2) -> 8088181.8
A70: Item | B70: Referência | C70: Descrição dos Serviços | D70: QUANTIDADE | I70: VALORES
A71: 5 | C71: ROÇAGEM MECANIZADA | D71: Unidade | E71: Quant./Mês | F71: Quant. h/mês | G71: Qtde. 12 Meses | H71: Qtde. 60 Meses | I71: Unitário | J71: Mensal | K71: Valor p/ 12 Meses | L71: Valor p/ 60 Meses
A72: 5.1 | C72: MÃO DE OBRA - HORAS NORMAIS
A73: 5.1.1 | B73: *Composição | C73: Encarregado | D73: Homem / hora | E73: 4 | F73: 220 | G73: =ROUND(F73*E73*12,2) -> 10560 | H73: =ROUND(E73*F73*60,2) -> 52800 | I73: =I14 -> 51.08 | J73: =ROUND(I73*F73*E73,2) -> 44950.4 | K73: =ROUND(G73*I73,2) -> 539404.8 | L73: =ROUND(H73*I73,2) -> 2697024
A74: 5.1.2 | B74: *Composição | C74: Jardineiro | D74: Homem / hora | E74: 24 | F74: 220 | G74: =ROUND(F74*E74*12,2) -> 63360 | H74: =ROUND(E74*F74*60,2) -> 316800 | I74: =I15 -> 35.22 | J74: =ROUND(I74*F74*E74,2) -> 185961.6 | K74: =ROUND(G74*I74,2) -> 2231539.2 | L74: =ROUND(H74*I74,2) -> 11157696
A75: 5.1.3 | B75: *Composição | C75: Operador de Equipamento Leve | D75: Homem / hora | E75: 20 | F75: 220 | G75: =ROUND(F75*E75*12,2) -> 52800 | H75: =ROUND(E75*F75*60,2) -> 264000 | I75: =I16 -> 38.29 | J75: =ROUND(I75*F75*E75,2) -> 168476 | K75: =ROUND(G75*I75,2) -> 2021712 | L75: =ROUND(H75*I75,2) -> 10108560
A76: 5.1.4 | B76: *Composição | C76: Motorista faixa III | D76: Homem / hora | E76: 4 | F76: 220 | G76: =ROUND(F76*E76*12,2) -> 10560 | H76: =ROUND(E76*F76*60,2) -> 52800 | I76: =I31 -> 55.14 | J76: =ROUND(I76*F76*E76,2) -> 48523.2 | K76: =ROUND(G76*I76,2) -> 582278.4 | L76: =ROUND(H76*I76,2) -> 2911392
A77: 5.2 | C77: VEÍCULOS, EQUIPAMENTOS E FERRAMENTAS
A78: 5.2.1 | B78: *Composição | C78: Roçadeira STIHL FS 220 | D78: und./mês | E78: 20 | F78: 1 | G78: =ROUND(E78*12,2) -> 240 | H78: =ROUND(E78*60,2) -> 1200 | I78: =Equip.!G11 -> 1726.65 | J78: =ROUND(I78*F78*E78,2) -> 34533 | K78: =ROUND(G78*I78,2) -> 414396 | L78: =ROUND(H78*I78,2) -> 2071980
A79: 5.2.2 | B79: *Composição | C79: Soprador STIHL BR 600 | D79: und./mês | E79: 4 | F79: 1 | G79: =ROUND(E79*12,2) -> 48 | H79: =ROUND(E79*60,2) -> 240 | I79: ='4.4'!F13 -> 1315.66 | J79: =ROUND(I79*F79*E79,2) -> 5262.64 | K79: =ROUND(G79*I79,2) -> 63151.68 | L79: =ROUND(H79*I79,2) -> 315758.4
A80: 5.2.3 | B80: *Composição | C80: Ferramentas Manuais | D80: und./mês | E80: 4 | F80: 1 | G80: =ROUND(E80*12,2) -> 48 | H80: =ROUND(E80*60,2) -> 240 | I80: =F.RM!E19 -> 311.68 | J80: =ROUND(I80*F80*E80,2) -> 1246.72 | K80: =ROUND(G80*I80,2) -> 14960.64 | L80: =ROUND(H80*I80,2) -> 74803.2
A81: 5.2.4 | B81: *Composição | C81: Ônibus acoplado de banheiro e suporte ferramentas | D81: Equip. / hora | E81: =E76 -> 4 | F81: 200 | G81: =ROUND(F81*E81*12,2) -> 9600 | H81: =ROUND(E81*F81*60,2) -> 48000 | I81: =Veículos!F13 -> 122.27 | J81: =ROUND(I81*F81*E81,2) -> 97816 | K81: =ROUND(G81*I81,2) -> 1173792 | L81: =ROUND(H81*I81,2) -> 5868960
C82: SUBTOTAL 5: | J82: =SUM(J73:J81) -> 586769.56 | K82: =ROUND(J82*12,2) -> 7041234.7 | L82: =ROUND(J82*60,2) -> 35206174
A84: Item | B84: Referência | C84: Descrição dos Serviços | D84: QUANTIDADE | I84: VALORES
A85: 6 | C85: IRRIGAÇÃO | D85: Unidade | E85: Quant./Mês | F85: Quant. h/mês | G85: Qtde. 12 Meses | H85: Qtde. 60 Meses | I85: Unitário | J85: Mensal | K85: Valor p/ 12 Meses | L85: Valor p/ 60 Meses
A86: 6.1 | C86: MÃO DE OBRA - HORAS NORMAIS
A87: 6.1.1 | B87: *Composição | C87: Jardineiro | D87: Homem / hora | E87: 8 | F87: 220 | G87: =ROUND(F87*E87*12,2) -> 21120 | H87: =ROUND(E87*F87*60,2) -> 105600 | I87: =I44 -> 35.22 | J87: =ROUND(I87*F87*E87,2) -> 61987.2 | K87: =ROUND(G87*I87,2) -> 743846.4 | L87: =ROUND(H87*I87,2) -> 3719232
A88: 6.1.2 | B88: *Composição | C88: Motorista faixa I | D88: Homem / hora | E88: 8 | F88: 220 | G88: =ROUND(F88*E88*12,2) -> 21120 | H88: =ROUND(E88*F88*60,2) -> 105600 | I88: =I17 -> 45.78 | J88: =ROUND(I88*F88*E88,2) -> 80572.8 | K88: =ROUND(G88*I88,2) -> 966873.6 | L88: =ROUND(H88*I88,2) -> 4834368
A89: 6.2 | C89: VEÍCULOS E EQUIPAMENTOS
A90: 6.2.1 | B90: *Composição | C90: Caminhão Toco Pipa (Cap 8.000 litros) - TURNO A e B | D90: Equip. / hora | E90: 4 | F90: 400 | G90: =ROUND(F90*E90*12,2) -> 19200 | H90: =ROUND(E90*F90*60,2) -> 96000 | I90: =Veículos!F11 -> 174.83 | J90: =ROUND(I90*F90*E90,2) -> 279728 | K90: =ROUND(G90*I90,2) -> 3356736 | L90: =ROUND(H90*I90,2) -> 16783680
C91: SUBTOTAL 6: | J91: =SUM(J87:J90) -> 422288 | K91: =ROUND(J91*12,2) -> 5067456 | L91: =ROUND(J91*60,2) -> 25337280
A93: Item | B93: Referência | C93: Descrição dos Serviços | D93: QUANTIDADE | I93: VALORES
A94: 7 | C94: OPERAÇÃO COM RETROESCAVADEIRA | D94: Unidade | E94: Quant./Mês | F94: Quant. h/mês | G94: Qtde. 12 Meses | H94: Qtde. 60 Meses | I94: Unitário | J94: Mensal | K94: Valor p/ 12 Meses | L94: Valor p/ 60 Meses
A95: 7.1 | C95: MÃO DE OBRA - HORAS NORMAIS
A96: 7.1.1 | B96: *Composição | C96: Operador de Retro Escavadeira | D96: Homem / hora | E96: 1 | F96: 220 | G96: =ROUND(F96*E96*12,2) -> 2640 | H96: =ROUND(E96*F96*60,2) -> 13200 | I96: ='MOT3. HN'!E29 -> 55.14 | J96: =ROUND(I96*F96*E96,2) -> 12130.8 | K96: =ROUND(G96*I96,2) -> 145569.6 | L96: =ROUND(H96*I96,2) -> 727848
A97: 7.2 | C97: VEÍCULOS E EQUIPAMENTOS
A98: 7.2.1 | B98: *Composição | C98: Retroescavadeira | D98: Equip. / hora | E98: 1 | F98: 200 | G98: =ROUND(F98*E98*12,2) -> 2400 | H98: =ROUND(E98*F98*60,2) -> 12000 | I98: =Veículos!F14 -> 109.49 | J98: =ROUND(I98*F98*E98,2) -> 21898 | K98: =ROUND(G98*I98,2) -> 262776 | L98: =ROUND(H98*I98,2) -> 1313880
C99: SUBTOTAL 7: | J99: =SUM(J96:J98) -> 34028.8 | K99: =ROUND(J99*12,2) -> 408345.6 | L99: =ROUND(J99*60,2) -> 2041728
A101: Item | B101: Referência | C101: Descrição dos Serviços | D101: QUANTIDADE | I101: VALORES
A102: 8 | C102: CONSUMOS | D102: Unidade | F102: Quant./Mês | G102: Qtde. 12 Meses | H102: Qtde. 60 Meses | I102: Unitário | J102: Mensal | K102: Valor p/ 12 Meses | L102: Valor p/ 60 Meses
A103: 8.1 | B103: *Mercado | C103: Saco de Lixo 100 litros (1 mm) | D103: und./mês | E103: 12000 | F103: 1 | G103: =ROUND(E103*12,2) -> 144000 | H103: =ROUND(E103*60,2) -> 720000 | I103: =CONSUMOS!D7 -> 1.1 | J103: =ROUND(I103*F103*E103,2) -> 13200 | K103: =ROUND(G103*I103,2) -> 158400 | L103: =ROUND(H103*I103,2) -> 792000
A104: 8.2 | B104: DER-ES - 038509 - JAN/2026 | C104: GRAMA EM PLACAS TIPO ESMERALDA | D104: m² | E104: 800 | F104: 1 | G104: =ROUND(E104*12,2) -> 9600 | H104: =ROUND(E104*60,2) -> 48000 | I104: =ROUND(Dados!B132*(1+Dados!B8),2) -> 17.14 | J104: =ROUND(I104*F104*E104,2) -> 13712 | K104: =ROUND(G104*I104,2) -> 164544 | L104: =ROUND(H104*I104,2) -> 822720
A105: 8.3 | B105: Banco de Preços | C105: BANHEIRO QUIMICO | D105: und./mês | F105: 10 | G105: =+F105*12 -> 120 | H105: =+F105*60 -> 600 | I105: =CONSUMOS!D8 -> 1306.51 | J105: =+I105*F105 -> 13065.1 | K105: =ROUND(G105*I105,2) -> 156781.2 | L105: =ROUND(H105*I105,2) -> 783906
A106: 8.4 | B106: SINAPI /ES - 3123 - FEV/26 | C106: ADUBO QUÍMICO NPK - 04.14.08 | D106: Kg | E106: 200 | F106: 1 | G106: =ROUND(E106*12,2) -> 2400 | H106: =ROUND(E106*60,2) -> 12000 | I106: =CONSUMOS!D14 -> 2.99 | J106: =ROUND(I106*F106*E106,2) -> 598 | K106: =ROUND(G106*I106,2) -> 7176 | L106: =ROUND(H106*I106,2) -> 35880
A107: 8.5 | B107: SINAPI /ES - 44539 - FEV/26 | C107: ADUBO QUÍMICO NPK - 10.10.10 | D107: Kg | E107: 200 | F107: 1 | G107: =ROUND(E107*12,2) -> 2400 | H107: =ROUND(E107*60,2) -> 12000 | I107: =CONSUMOS!D15 -> 3.21 | J107: =ROUND(I107*F107*E107,2) -> 642 | K107: =ROUND(G107*I107,2) -> 7704 | L107: =ROUND(H107*I107,2) -> 38520
A108: 8.6 | B108: Banco de Preços | C108: ADUBO QUÍMICO NPK - 20.05.20 | D108: Kg | E108: 200 | F108: 1 | G108: =ROUND(E108*12,2) -> 2400 | H108: =ROUND(E108*60,2) -> 12000 | I108: =CONSUMOS!D16 -> 3.49 | J108: =ROUND(I108*F108*E108,2) -> 698 | K108: =ROUND(G108*I108,2) -> 8376 | L108: =ROUND(H108*I108,2) -> 41880
A109: 8.7 | B109: *Composição | C109: ADUBO ORGÂNICO | D109: Kg | E109: 500 | F109: 1 | G109: =ROUND(E109*12,2) -> 6000 | H109: =ROUND(E109*60,2) -> 30000 | I109: =CONSUMOS!D23 -> 1.41 | J109: =ROUND(I109*F109*E109,2) -> 705 | K109: =ROUND(G109*I109,2) -> 8460 | L109: =ROUND(H109*I109,2) -> 42300
C110: SUBTOTAL 8: | J110: =SUM(J103:J109) -> 42620.1 | K110: =ROUND(J110*12,2) -> 511441.2 | L110: =ROUND(J110*60,2) -> 2557206
A112: Item | B112: Referência | C112: Descrição dos Serviços | D112: QUANTIDADE | I112: VALORES
...

Sheet CAPA (3)
A2: =BDI!A2 -> DETALHAMENTO DE COMPOSIÇÃO DO BDI

Sheet BDI
A2: DETALHAMENTO DE COMPOSIÇÃO DO BDI
A4: BDI - BONIFICAÇÃO E DESPESAS INDIRETAS E IMPOSTOS
A5: TAXA DE ADMINISTRAÇÃO CENTRAL (1) | B5: 0.0322
A6: TAXA DE ADMINISTRAÇÃO LOCAL (1) | B6: 0.0658
A7: DESPESAS FINANCEIRAS (1) Capital de giro de 2 meses - taxa SELIC - referência | B7: 0.006
A8: SEGURO + GARANTIA (1) | B8: 0.01
A9: RISCO (1) | B9: 0.01
A10: LUCRO BRUTO (1) | B10: 0.06
A11: TOTAL DE IMPOSTOS | B11: =SUM(B12:B14) -> 0.0765
A12: PIS (2) | B12: 0.0065
A13: COFINS (2) | B13: 0.03
A14: ISS (2) | B14: 0.04
A15: COEFICIENTE DESPESAS INDIRETAS + LUCRO | B15: =(((1+B5+B6+B8+B9)*(1+B7)*(1+B10))) -> 1.1921905
A16: COEFICIENTE TRIBUTOS | B16: =((1-(B11))) -> 0.9235
A17: BDI | B17: =ROUND((((1+B5+B6+B8+B9)*(1+B7)*(1+B10))/((1-(B11)))-1),4) -> 0.2909
A19: Os percentuais e parâmetros utilizados na composição deste BDI foram definidos em conformidade com a Resolução nº 366/2022 do Tribunal de Contas do Estado do Espírito Santo, especialmente a Tabela de Referência da Faixa 4, considerando a natureza e o porte da contratação.

Sheet CAPA (4)
A2: DETALHAMENTO BASE PARA COMPOSIÇÃO DOS ENCARGOS SOCIAIS

Sheet ENCARGOS SOCIAIS
A2: DETALHAMENTO BASE PARA COMPOSIÇÃO DOS ENCARGOS SOCIAIS (VIGÊNCIA A PARTIR DE 01/2026)
A3: Código | B3: Descrição | C3: % Mensalista (ES /sem desoneração)
A4: GRUPO A – Encargos Previdenciários
A5: A1 | B5: INSS | C5: 0.2
A6: A2 | B6: SESI | C6: 0.015
A7: A3 | B7: SENAI | C7: 0.01
A8: A4 | B8: INCRA | C8: 0.002
A9: A5 | B9: SEBRAE | C9: 0.006
A10: A6 | B10: Salário-Educação | C10: 0.025
A11: A7 | B11: Seguro Acidente Trabalho | C11: 0.03
A12: A8 | B12: FGTS | C12: 0.08
A13: A9 | B13: SECONCI | C13: 0.01
B14: Total Grupo A | C14: =SUM(C5:C13) -> 0.378
A16: GRUPO B – Encargos Incidentes sobre a Remuneração
A17: B1 | B17: Repouso Semanal Remunerado | C17: 0
A18: B2 | B18: Feriados | C18: 0
A19: B3 | B19: Auxílio-Enfermidade | C19: 0.0067
A20: B4 | B20: 13º Salário | C20: 0.0831
A21: B5 | B21: Licença Paternidade | C21: 0.0005
A22: B6 | B22: Faltas Justificadas | C22: 0.0056
A23: B7 | B23: Dias de Chuvas* | C23: 0
A24: B8 | B24: Auxílio Acidente de Trabalho | C24: 0.0002
A25: B9 | B25: Férias Gozadas | C25: 0.0985
A26: B10 | B26: Salário Maternidade | C26: 0.0003
B27: Total Grupo B | C27: =SUM(C17:C26) -> 0.1949
A29: GRUPO C – Encargos Incidentes sobre a Rescisão
A30: C1 | B30: Aviso Prévio Indenizado | C30: 0.0467
A31: C2 | B31: Aviso Prévio Trabalhado | C31: 0.0012
A32: C3 | B32: Férias Indenizadas | C32: 0.016
A33: C4 | B33: Depósito Rescisão Sem Justa Causa | C33: 0.0199
A34: C5 | B34: Indenização Adicional | C34: 0.0039
B35: Total Grupo C | C35: =SUM(C30:C34) -> 0.0877
A37: GRUPO D – Reincidências
A38: D1 | B38: Reincidência do Grupo A sobre o Grupo B | C38: 0.0737
A39: D2 | B39: FGTS sobre Aviso Prévio | C39: 0.0042
B40: Total Grupo D | C40: =SUM(C38:C39) -> 0.0779
A42: TOTAL GERAL (A+B+C+D) | C42: =SUM(C14,C27,C35,C40) -> 0.7385
A44: Encargos sociais apurados conforme SINAPI – Sistema Nacional de Pesquisa de Custos e Índices da Construção Civil, Caderno “Cálculos e Parâmetros”, Apêndice 8 – Encargos Sociais – Estado do Espírito Santo, vigência a partir de janeiro/2026, regime mensalista, sem desoneração da folha de pagamento. (*)Fonte: Informação Dias de Chuva – INMET

Sheet CAPA (CCO)
A2: CCO E CONSUMOS

Sheet CCO
A5: Sistema de Gestão Integrado e Infraestrutura do CCO
A6: Mensalidade do Sistema Integrado de Monitoramento, Gestão Operacional e Apoio à Fiscalização | B6: 1 | C6: =Dados!B198 -> 17000 | D6: =B6*C6 -> 17000
A7: Mensal | B7: 1
B8: =D6/B7 -> 17000
A9: Implantação e Treinamento com 1 (uma) semana presencial - do Sistema Integrado de Monitoramento, Gestão Operacional e Apoio à Fiscalização | B9: 1 | C9: =Dados!B199 -> 34000 | D9: =B9*C9 -> 34000
A10: Meses | B10: 60
B11: =D9/B10 -> 566.66667
A12: SMARTPHONE – Samsung XCover 7 (IP68, MIL-STD-810H) | B12: 14 | C12: =Dados!B200 -> 1604 | D12: =B12*C12 -> 22456
A13: vida útil meses | B13: 60
B14: =D12/B13 -> 374.26667
A15: PLANO OPERADORA CELULAR | B15: 14 | C15: =Dados!B201 -> 50 | D15: =B15*C15 -> 700
A16: MESES | B16: 1
B17: =D15/B16 -> 700
A18: Monitor Profissional Samsung 65" 4K – QM65C – LH65QMCEBGCXZD | B18: 3 | C18: =Dados!B202 -> 6129.98 | D18: =B18*C18 -> 18389.94
A19: meses | B19: 60
B20: =D18/B19 -> 306.499
A21: SUBTOTAL | D21: =SUM(B8,B11,B14,B17,B20) -> 18947.432
A22: Fator de BDI | B22: =Dados!B8 -> 0.1557 | C22: =D21 -> 18947.432 | D22: =ROUND(B22*C22,2) -> 2950.12
A23: TOTAL COM BDI | D23: =ROUND(D21+D22,2) -> 21897.55

Sheet CONSUMOS
A5: Descrição | B5: Valor | C5: Fator BDI | D5: Valor com BDI | E5: Fonte | F5: Data Base
A6: Sacola para mudas | B6: =Dados!B185 -> 0.53 | C6: =ROUND(B11*B6,2) -> 0.08 | D6: =B6+C6 -> 0.61 | E6: *Cotação | F6: 45992
A7: Saco de Lixo 100 litros (1 mm) | B7: =Dados!B186 -> 0.95 | C7: =ROUND(B11*B7,2) -> 0.15 | D7: =B7+C7 -> 1.1 | E7: *Cotação | F7: 45992
A8: Banheiro Químico | B8: =Dados!B187 -> 1130.49 | C8: =ROUND(B11*B8,2) -> 176.02 | D8: =B8+C8 -> 1306.51 | E8: Banco de Preços | F8: 45992
A9: Grama em placas tipo Esmeralda | B9: =Dados!B188 -> 14.83 | C9: =ROUND(B11*B9,2) -> 2.31 | D9: =B9+C9 -> 17.14 | E9: DER-ES - 038509 | F9: 46023
A11: BDI REDUZIDO | B11: 0.1557
A13: ADUBOS QUÍMICOS
A14: Adubo Químico NPK - 04.14.08 | B14: =Dados!B189 -> 2.59 | C14: =ROUND($B$11*B14,2) -> 0.4 | D14: =B14+C14 -> 2.99 | E14: SINAPI - FEV/2026 | F14: 46054
A15: Adubo Químico NPK - 10.10.10 | B15: =Dados!B190 -> 2.78 | C15: =ROUND($B$11*B15,2) -> 0.43 | D15: =B15+C15 -> 3.21 | E15: SINAPI - FEV/2026 | F15: 46054
A16: Adubo Químico NPK - 20.05.20 | B16: =Dados!B191 -> 3.02 | C16: =ROUND($B$11*B16,2) -> 0.47 | D16: =B16+C16 -> 3.49 | E16: Banco de Preços | F16: 45992
A18: ADUBO ORGÂNICO (PREÇO MÉDIO)
A19: Descrição | B19: Valor Unit. | C19: Qtd | D19: Total | E19: Fonte | F19: Data Base
A20: Esterco de gado | B20: =Dados!B192 -> 1.46 | C20: 500 | D20: =ROUND(B20*C20,2) -> 730 | E20: Banco de Preços | F20: 45992
A21: Esterco de galinha | B21: =Dados!B193 -> 0.97 | C21: 500 | D21: =ROUND(B21*C21,2) -> 485 | E21: Banco de Preços | F21: 45992
A22: Preço Unitário Médio | D22: =ROUND(SUM(D20:D21)/SUM(C20:C21),2) -> 1.22
A23: Adubo Orgânico (c/ BDI Reduzido) | D23: =ROUND(D22*(1+$B$11),2) -> 1.41

Sheet CAPA (5)
A2: ='ENC. HN'!A3:F3 -> COMPOSIÇÃO DE PREÇO UNITÁRIO
A3: MÃO-DE-OBRA

Sheet ENC. HN
A3: COMPOSIÇÃO DE PREÇO UNITÁRIO
A4: (ENCARREGADO - HORA NORMAL)
A5: DESCRIÇÃO | C5: UNID. | D5: QUANT. | E5: PREÇO
E6: UNIT. | F6: TOTAL
A7: MÃO DE OBRA
A8: Salário de Encarregado | C8: Mês | D8: 1 | E8: =Dados!B12 -> 3391.98 | F8: =ROUND(D8*E8,2) -> 3391.98
A9: Gratificação | C9: Mês | D9: 1 | E9: =Dados!B16 -> 568.86 | F9: =ROUND(D9*E9,2) -> 568.86
A10: Encargos Sociais | C10: % | D10: =Dados!B7 -> 0.7385 | E10: =F8+F9 -> 3960.84 | F10: =ROUND(D10*E10,2) -> 2925.08
A11: Subtotal | F11: =SUM(F8:F10) -> 6885.92
A12: BENEFÍCIOS
A13: Café da Manhã | C13: Mês | D13: 1 | E13: =Dados!B19 -> 445 | F13: =ROUND(D13*E13,2) -> 445
A14: Alimentação | C14: Mês | D14: 1 | E14: =Dados!B18 -> 815 | F14: =ROUND(D14*E14,2) -> 815
A15: Plano de Saúde (65% participação) | C15: Mês | D15: 0.65 | E15: =Dados!B20 -> 265.67 | F15: =ROUND(D15*E15,2) -> 172.69
A16: Seguro de Vida | C16: Mês | D16: 1 | E16: =Dados!B21 -> 5.35 | F16: =ROUND(D16*E16,2) -> 5.35
A17: ='OP.LEV.HN'!A19 -> Assistência Odontológica | C17: Mês | D17: 1 | E17: =Dados!B22 -> 10.41 | F17: =ROUND(D17*E17,2) -> 10.41
A18: Vale Transporte | C18: Mês | D18: 50 | E18: =Dados!B31 -> 5.1 | F18: =ROUND(D18*E18,2) -> 255
A19: Subtotal | C19: Mês | F19: =SUM(F13:F18) -> 1703.45
A20: CUSTOS AGREGADOS A MÃO DE OBRA
A21: Uniforme (camisa, calça, colete refletivo, boné, botina, capa de chuva) - 4 jogos por ano. | C21: Mês | D21: =ROUND(4/12,2) -> 0.33 | E21: =Dados!B146 -> 344.42 | F21: =ROUND(D21*E21,2) -> 113.66
A22: EPI´S (Protetor auricular tipo plug e óculos) - 1 equipamento por trimestre. | C22: Mês | D22: =ROUND(4/12,2) -> 0.33 | E22: =Dados!B151+Dados!B153 -> 8.26 | F22: =ROUND(D22*E22,2) -> 2.73
A23: Subtotal | F23: =SUM(F21:F22) -> 116.39
A24: SOMATÓRIO DOS SUBTOTAIS | F24: =F11+F19+F23 -> 8705.76
A25: Fator de BDI | C25: =Dados!B9 -> 0.2909 | D25: =F24 -> 8705.76 | F25: =ROUND(C25*D25,2) -> 2532.51
A26: TOTAL GERAL MENSAL (R$) | F26: =F24+F25 -> 11238.27
A27: Quantidade de Horas Mensal Estimada (h) | F27: 220
A28: PREÇO UNITÁRIO (R$) | F28: =ROUND(F26/F27,2) -> 51.08

Sheet JAR. HN
A3: COMPOSIÇÃO DE PREÇO UNITÁRIO
A4: (JARDINEIRO - HORA NORMAL)
A5: DESCRIÇÃO | C5: UNID. | D5: QUANT. | E5: PREÇO
E6: UNIT. | F6: TOTAL
A7: MÃO DE OBRA
A8: Salário de Jardineiro | C8: Mês | D8: 1 | E8: =Dados!B10 -> 2263.29 | F8: =ROUND(D8*E8,2) -> 2263.29
A9: Gratificação | C9: Mês | D9: 1 | E9: =Dados!B14 -> 91.4 | F9: =ROUND(D9*E9,2) -> 91.4
A10: Encargos Sociais | C10: % | D10: =Dados!B7 -> 0.7385 | E10: =F8+F9 -> 2354.69 | F10: =ROUND(D10*E10,2) -> 1738.94
A11: Subtotal | F11: =SUM(F8:F10) -> 4093.63
A12: BENEFÍCIOS
A13: Café da Manhã | C13: Mês | D13: 1 | E13: =Dados!B19 -> 445 | F13: =ROUND(D13*E13,2) -> 445
A14: Alimentação | C14: Mês | D14: 1 | E14: =Dados!B18 -> 815 | F14: =ROUND(D14*E14,2) -> 815
A15: Plano de Saúde (65% participação) | C15: Mês | D15: 0.65 | E15: =Dados!B20 -> 265.67 | F15: =ROUND(D15*E15,2) -> 172.69
A16: Seguro de Vida | C16: Mês | D16: 1 | E16: =Dados!B21 -> 5.35 | F16: =ROUND(D16*E16,2) -> 5.35
A17: ='OP.LEV.HN'!A19 -> Assistência Odontológica | C17: Mês | D17: 1 | E17: =Dados!B22 -> 10.41 | F17: =ROUND(D17*E17,2) -> 10.41
A18: Vale Transporte | C18: Mês | D18: 50 | E18: =Dados!B31 -> 5.1 | F18: =ROUND(D18*E18,2) -> 255
A19: Subtotal | C19: Mês | F19: =SUM(F13:F18) -> 1703.45
A20: CUSTOS AGREGADOS A MÃO DE OBRA
A21: Uniforme (camisa, calça, colete refletivo, boné, botina, capa de chuva) - 4 jogos por ano | C21: Mês | D21: =ROUND(4/12,2) -> 0.33 | E21: =Dados!B146 -> 344.42 | F21: =ROUND(D21*E21,2) -> 113.66
A22: EPI´S (Protetor auricular tipo plug, perneira, óculos e protetor facial) - 1 equipamento por trimestre. | C22: Mês | D22: =ROUND(4/12,2) -> 0.33 | E22: =Dados!B155 -> 83.66 | F22: =ROUND(D22*E22,2) -> 27.61
A23: EPI´S de desgaste rápido (1 cx de máscaras descartável, luva de raspa e pigmentada) - 1 por mês. | C23: Mês | D23: =ROUND(4/12,2) -> 0.33 | E23: =Dados!B163 -> 195.79 | F23: =ROUND(D23*E23,2) -> 64.61
A24: Subtotal | F24: =SUM(F21:F23) -> 205.88
A25: SOMATÓRIO DOS SUBTOTAIS | F25: =F11+F19+F24 -> 6002.96
A26: Fator de BDI | C26: =Dados!B9 -> 0.2909 | D26: =F25 -> 6002.96 | F26: =ROUND(C26*D26,2) -> 1746.26
A27: TOTAL GERAL MENSAL (R$) | F27: =F25+F26 -> 7749.22
A28: Quantidade de Horas Mensal Estimada (h) | F28: 220
A29: PREÇO UNITÁRIO (R$) | F29: =ROUND(F27/F28,2) -> 35.22

Sheet OP.LEV.HN
A3: COMPOSIÇÃO DE PREÇO UNITÁRIO
A4: (OPERADOR DE EQUIPAMENTO LEVE - HORA NORMAL)
A5: (ROÇADEIRA - MOTOSSERRA - MOTOPODA - PODADOR - PICADOR DE GALHO - SOPRADOR DE FOLHAS)
A6: DESCRIÇÃO | B6: UNID. | C6: QUANT. | D6: PREÇO
D7: UNIT. | E7: TOTAL
A8: MÃO DE OBRA
A9: Salário | B9: Mês | C9: 1 | D9: =Dados!B13 -> 2096 | E9: =ROUND(C9*D9,2) -> 2096
A10: Insalubridade 20% | B10: Mês | C10: 0.2 | D10: =Dados!B17 -> 1846.29 | E10: =ROUND(C10*D10,2) -> 369.26
A11: Gratificação prevista em CCT | B11: Mês | C11: 1 | D11: =Dados!B15 -> 91.4 | E11: =ROUND(C11*D11,2) -> 91.4
A12: Encargos Sociais | B12: % | C12: =Dados!B7 -> 0.7385 | D12: =SUM(E9:E11) -> 2556.66 | E12: =ROUND(C12*D12,2) -> 1888.09
A13: Subtotal | E13: =SUM(E9:E12) -> 4444.75
A14: BENEFÍCIOS
A15: Café da Manhã | B15: Mês | C15: 1 | D15: =Dados!B19 -> 445 | E15: =ROUND(C15*D15,2) -> 445
A16: Alimentação | C16: 1 | D16: =Dados!B18 -> 815 | E16: =ROUND(C16*D16,2) -> 815
A17: Plano de Saúde (65% participação) | B17: Mês | C17: 0.65 | D17: =Dados!B20 -> 265.67 | E17: =ROUND(C17*D17,2) -> 172.69
A18: Seguro de Vida | B18: Mês | C18: 1 | D18: =Dados!B21 -> 5.35 | E18: =ROUND(C18*D18,2) -> 5.35
A19: Assistência Odontológica | B19: Mês | C19: 1 | D19: =Dados!B22 -> 10.41 | E19: =ROUND(C19*D19,2) -> 10.41
A20: Vale Transporte | B20: Mês | C20: 50 | D20: =Dados!B31 -> 5.1 | E20: =ROUND(C20*D20,2) -> 255
A21: Subtotal | E21: =SUM(E15:E20) -> 1703.45
A22: CUSTOS AGREGADOS A MÃO DE OBRA
A23: Uniforme (camisa, calça, colete refletivo, avental, boné, botina, capa de chuva e touca ninja) - 4 jogos por ano. | B23: Mês | C23: =ROUND(4/12,2) -> 0.33 | D23: =Dados!B146+Dados!B171+Dados!B170 -> 401.75 | E23: =ROUND(C23*D23,2) -> 132.58
A24: EPI´S (Protetor auricular tipo concha, perneira, protetor facial) - 1 equipamento por trimestre. | B24: Mês | C24: =ROUND(4/12,2) -> 0.33 | D24: =Dados!B172+Dados!B152+Dados!B154 -> 155.13 | E24: =ROUND(C24*D24,2) -> 51.19
A25: EPI´S de desgaste rápido (1 cx de máscaras descartável + luva de raspa) - 1 por mês. | B25: Mês | C25: 1 | D25: =Dados!B160+Dados!B161 -> 193.49 | E25: =ROUND(C25*D25,2) -> 193.49
A26: Subtotal | E26: =SUM(E23:E25) -> 377.26
A27: SOMATÓRIO DOS SUBTOTAIS | E27: =E13+E21+E26 -> 6525.46
A28: Fator de BDI | B28: =Dados!B9 -> 0.2909 | C28: =E27 -> 6525.46 | E28: =ROUND(B28*C28,2) -> 1898.26
A29: TOTAL GERAL MENSAL (R$) | E29: =E27+E28 -> 8423.72
A30: Quantidade de Horas Mensal Estimada (h) | E30: 220
A31: PREÇO UNITÁRIO (R$) | E31: =ROUND(E29/E30,2) -> 38.29

Sheet MTR. HN
A3: COMPOSIÇÃO DE PREÇO UNITÁRIO
A5: OPERADOR DE MICROTRATOR (hora normal)
A6: DESCRIÇÃO | B6: UNID. | C6: QUANT. | D6: PREÇO
D7: UNIT. | E7: TOTAL
A8: MÃO DE OBRA
A9: Salário | B9: Mês | C9: 1 | D9: =Dados!B23 -> 3274.32 | E9: =ROUND(C9*D9,2) -> 3274.32
A10: Gratificação | B10: Mês | C10: 1 | D10: =Dados!B26 -> 401.63 | E10: =ROUND(C10*D10,2) -> 401.63
A11: Encargos Sociais | B11: % | C11: =Dados!B7 -> 0.7385 | D11: =SUM(E9:E10) -> 3675.95 | E11: =ROUND(C11*D11,2) -> 2714.69
A12: Subtotal | E12: =SUM(E9:E11) -> 6390.64
A13: BENEFÍCIOS
A14: Café da Manhã | B14: Mês | C14: 1 | D14: =Dados!B29 -> 113.74 | E14: =ROUND(C14*D14,2) -> 113.74
A15: Alimentação | B15: Mês | C15: 1 | D15: =Dados!B28 -> 871.25 | E15: =ROUND(C15*D15,2) -> 871.25
A16: Plano de Saúde (50% participação) | B16: Mês | C16: 0.5 | D16: =Dados!B30 -> 108.88 | E16: =ROUND(C16*D16,2) -> 54.44
A17: Seguro de Vida | B17: Mês | C17: 1 | D17: =Dados!B21 -> 5.35 | E17: =ROUND(C17*D17,2) -> 5.35
A18: Assistência Odontológica | B18: Mês | C18: 1 | D18: =Dados!B22 -> 10.41 | E18: =ROUND(C18*D18,2) -> 10.41
A19: Vale Transporte | B19: Mês | C19: 50 | D19: =Dados!B31 -> 5.1 | E19: =ROUND(C19*D19,2) -> 255
A20: Subtotal | E20: =SUM(E14:E19) -> 1310.19
A21: CUSTOS AGREGADOS A MÃO DE OBRA
A22: Uniforme (camisa, calça, boné e botina) - 4 jogos por ano. | B22: Mês | C22: =ROUND(4/12,2) -> 0.33 | D22: =Dados!B141+Dados!B142+Dados!B144 -> 299.94 | E22: =ROUND(C22*D22,2) -> 98.98
A23: EPI´S (Protetor auricular tipo plug e óculos) - 1 equipamento por trimestre. | B23: Mês | C23: =ROUND(4/12,2) -> 0.33 | D23: =Dados!B153+Dados!B151 -> 8.26 | E23: =ROUND(C23*D23,2) -> 2.73
A24: Subtotal | E24: =SUM(E22:E23) -> 101.71
A25: SOMATÓRIO DOS SUBTOTAIS | E25: =E12+E20+E24 -> 7802.54
A26: Fator de BDI | B26: =Dados!B9 -> 0.2909 | C26: =E25 -> 7802.54 | E26: =ROUND(B26*C26,2) -> 2269.76
A27: TOTAL GERAL MENSAL (R$) | E27: =E25+E26 -> 10072.3
A28: Quantidade de Horas Mensal Estimada (h) | E28: 220
A29: PREÇO UNITÁRIO (R$) | E29: =ROUND(E27/E28,2) -> 45.78

Sheet MOT1. HN
A3: COMPOSIÇÃO DE PREÇO UNITÁRIO
A5: MOTORISTA FAIXA I (hora normal)
A6: DESCRIÇÃO | B6: UNID. | C6: QUANT. | D6: PREÇO
D7: UNIT. | E7: TOTAL
A8: MÃO DE OBRA
A9: Salário | B9: Mês | C9: 1 | D9: =Dados!B23 -> 3274.32 | E9: =ROUND(C9*D9,2) -> 3274.32
A10: Gratificação | B10: Mês | C10: 1 | D10: =Dados!B26 -> 401.63 | E10: =ROUND(C10*D10,2) -> 401.63
A11: Encargos Sociais | B11: % | C11: =Dados!B7 -> 0.7385 | D11: =SUM(E9:E10) -> 3675.95 | E11: =ROUND(C11*D11,2) -> 2714.69
A12: Subtotal | E12: =SUM(E9:E11) -> 6390.64
A13: BENEFÍCIOS
A14: Café da Manhã | B14: Mês | C14: 1 | D14: =Dados!B29 -> 113.74 | E14: =ROUND(C14*D14,2) -> 113.74
A15: Alimentação | B15: Mês | C15: 1 | D15: =Dados!B28 -> 871.25 | E15: =ROUND(C15*D15,2) -> 871.25
A16: Plano de Saúde (50% participação) | B16: Mês | C16: 0.5 | D16: =Dados!B30 -> 108.88 | E16: =ROUND(C16*D16,2) -> 54.44
A17: Seguro de Vida | B17: Mês | C17: 1 | D17: =Dados!B21 -> 5.35 | E17: =ROUND(C17*D17,2) -> 5.35
A18: Assistência Odontológica | B18: Mês | C18: 1 | D18: =Dados!B22 -> 10.41 | E18: =ROUND(C18*D18,2) -> 10.41
A19: Vale Transporte | B19: Mês | C19: 50 | D19: =Dados!B31 -> 5.1 | E19: =ROUND(C19*D19,2) -> 255
A20: Subtotal | E20: =SUM(E14:E19) -> 1310.19
A21: CUSTOS AGREGADOS A MÃO DE OBRA
A22: Uniforme (camisa, calça, boné e botina) - 4 jogos por ano. | B22: Mês | C22: =ROUND(4/12,2) -> 0.33 | D22: =Dados!B141+Dados!B142+Dados!B144 -> 299.94 | E22: =ROUND(C22*D22,2) -> 98.98
A23: EPI´S (Protetor auricular tipo plug e óculos) - 1 equipamento por trimestre. | B23: Mês | C23: =ROUND(4/12,2) -> 0.33 | D23: =Dados!B153+Dados!B151 -> 8.26 | E23: =ROUND(C23*D23,2) -> 2.73
A24: Subtotal | E24: =SUM(E22:E23) -> 101.71
A25: SOMATÓRIO DOS SUBTOTAIS | E25: =E12+E20+E24 -> 7802.54
A26: Fator de BDI | B26: =Dados!B9 -> 0.2909 | C26: =E25 -> 7802.54 | E26: =B26*C26 -> 2269.7589
A27: TOTAL GERAL MENSAL (R$) | E27: =E25+E26 -> 10072.299
A28: Quantidade de Horas Mensal Estimada (h) | E28: 220
A29: PREÇO UNITÁRIO (R$) | E29: =ROUND(E27/E28,2) -> 45.78

Sheet MOT2. HN
A3: COMPOSIÇÃO DE PREÇO UNITÁRIO
A5: MOTORISTA FAIXA II (hora normal)
A6: DESCRIÇÃO | B6: UNID. | C6: QUANT. | D6: PREÇO
D7: UNIT. | E7: TOTAL
A8: MÃO DE OBRA
A9: Salário | B9: Mês | C9: 1 | D9: =Dados!B24 -> 3546.65 | E9: =ROUND(C9*D9,2) -> 3546.65
A10: Gratificação | B10: Mês | C10: 1 | D10: =Dados!B26 -> 401.63 | E10: =ROUND(C10*D10,2) -> 401.63
A11: Encargos Sociais | B11: % | C11: =Dados!B7 -> 0.7385 | D11: =SUM(E9:E10) -> 3948.28 | E11: =ROUND(C11*D11,2) -> 2915.8
A12: Subtotal | E12: =SUM(E9:E11) -> 6864.08
A13: BENEFÍCIOS
A14: Café da Manhã | B14: Mês | C14: 1 | D14: =Dados!B29 -> 113.74 | E14: =ROUND(C14*D14,2) -> 113.74
A15: Alimentação | B15: Mês | C15: 1 | D15: =Dados!B28 -> 871.25 | E15: =ROUND(C15*D15,2) -> 871.25
A16: Plano de Saúde (50% participação) | B16: Mês | C16: 0.5 | D16: =Dados!B30 -> 108.88 | E16: =ROUND(C16*D16,2) -> 54.44
A17: Seguro de Vida | B17: Mês | C17: 1 | D17: =Dados!B21 -> 5.35 | E17: =ROUND(C17*D17,2) -> 5.35
A18: Assistência Odontológica | B18: Mês | C18: 1 | D18: =Dados!B22 -> 10.41 | E18: =ROUND(C18*D18,2) -> 10.41
A19: Vale Transporte | B19: Mês | C19: 50 | D19: =Dados!B31 -> 5.1 | E19: =ROUND(C19*D19,2) -> 255
A20: Subtotal | E20: =SUM(E14:E19) -> 1310.19
A21: CUSTOS AGREGADOS A MÃO DE OBRA
A22: Uniforme (camisa, calça, boné e botina) - 4 jogos por ano. | B22: Mês | C22: =ROUND(4/12,2) -> 0.33 | D22: =Dados!B141+Dados!B142+Dados!B144 -> 299.94 | E22: =ROUND(C22*D22,2) -> 98.98
A23: EPI´S (Protetor auricular tipo plug e óculos) - 1 equipamento por trimestre. | B23: Mês | C23: =ROUND(4/12,2) -> 0.33 | D23: =Dados!B153+Dados!B151 -> 8.26 | E23: =ROUND(C23*D23,2) -> 2.73
A24: Subtotal | E24: =SUM(E22:E23) -> 101.71
A25: SOMATÓRIO DOS SUBTOTAIS | E25: =E12+E20+E24 -> 8275.98
A26: Fator de BDI | B26: =Dados!B9 -> 0.2909 | C26: =E25 -> 8275.98 | E26: =B26*C26 -> 2407.4826
A27: TOTAL GERAL MENSAL (R$) | E27: =E25+E26 -> 10683.463
A28: Quantidade Mensal Estimada | E28: 220
A29: PREÇO UNITÁRIO (R$) | E29: =ROUND(E27/E28,2) -> 48.56

Sheet MOT3. HN
A3: COMPOSIÇÃO DE PREÇO UNITÁRIO
A5: MOTORISTA FAIXA III ou OPERADOR DE MÁQUINA (hora normal)
A6: DESCRIÇÃO | B6: UNID. | C6: QUANT. | D6: PREÇO
D7: UNIT. | E7: TOTAL
A8: MÃO DE OBRA
A9: Salário | B9: Mês | C9: 1 | D9: =Dados!B25 -> 4192.02 | E9: =ROUND(C9*D9,2) -> 4192.02
A10: Gratificação | B10: Mês | C10: 1 | D10: =Dados!B26 -> 401.63 | E10: =ROUND(C10*D10,2) -> 401.63
A11: Encargos Sociais | B11: % | C11: =Dados!B7 -> 0.7385 | D11: =SUM(E9:E10) -> 4593.65 | E11: =ROUND(C11*D11,2) -> 3392.41
A12: Subtotal | E12: =SUM(E9:E11) -> 7986.06
A13: BENEFÍCIOS
A14: Café da Manhã | B14: Mês | C14: 1 | D14: =Dados!B29 -> 113.74 | E14: =ROUND(C14*D14,2) -> 113.74
A15: Alimentação | B15: Mês | C15: 1 | D15: =Dados!B28 -> 871.25 | E15: =ROUND(C15*D15,2) -> 871.25
A16: Plano de Saúde (50% participação) | B16: Mês | C16: 0.5 | D16: =Dados!B30 -> 108.88 | E16: =ROUND(C16*D16,2) -> 54.44
A17: Seguro de Vida | B17: Mês | C17: 1 | D17: =Dados!B21 -> 5.35 | E17: =ROUND(C17*D17,2) -> 5.35
A18: Assistência Odontológica | B18: Mês | C18: 1 | D18: =Dados!B22 -> 10.41 | E18: =ROUND(C18*D18,2) -> 10.41
A19: Vale Transporte | B19: Mês | C19: 50 | D19: =Dados!B31 -> 5.1 | E19: =ROUND(C19*D19,2) -> 255
A20: Subtotal | E20: =SUM(E14:E19) -> 1310.19
A21: CUSTOS AGREGADOS A MÃO DE OBRA
A22: Uniforme (camisa, calça, boné e botina) - 4 jogos por ano. | B22: Mês | C22: =ROUND(4/12,2) -> 0.33 | D22: =Dados!B141+Dados!B142+Dados!B144 -> 299.94 | E22: =ROUND(C22*D22,2) -> 98.98
A23: EPI´S (Protetor auricular tipo plug e óculos) - 1 equipamento por trimestre. | B23: Mês | C23: =ROUND(4/12,2) -> 0.33 | D23: =Dados!B153+Dados!B151 -> 8.26 | E23: =ROUND(C23*D23,2) -> 2.73
A24: Subtotal | E24: =SUM(E22:E23) -> 101.71
A25: SOMATÓRIO DOS SUBTOTAIS | E25: =E12+E20+E24 -> 9397.96
A26: Fator de BDI | B26: =Dados!B9 -> 0.2909 | C26: =E25 -> 9397.96 | E26: =B26*C26 -> 2733.8666
A27: TOTAL GERAL MENSAL (R$) | E27: =E25+E26 -> 12131.827
A28: Quantidade Mensal Estimada | E28: 220
A29: PREÇO UNITÁRIO (R$) | E29: =ROUND(E27/E28,2) -> 55.14

Sheet CAPA (6)
A2: ='2.1'!A3:E3 -> COMPOSIÇÃO DE PREÇO UNITÁRIO
A3: KITS DE FERRAMENTAS MANUAIS

Sheet F.MP
A3: KIT DE FERRAMENTAS MANUAIS
A4: MANUTENÇÃO E PAISAGISMO
A5: Descrição | B5: Qtd | C5: Valor Unitário | D5: Vida útil (meses) | E5: Valor
A6: Ancinho grande | B6: 2 | C6: =Dados!B101 -> 35.9 | D6: 12 | E6: =IF(D6>0,B6*C6/D6,0) -> 5.9833333
A7: Ancinho pequeno | B7: 3 | C7: =Dados!B102 -> 17.42 | D7: 12 | E7: =IF(D7>0,B7*C7/D7,0) -> 4.355
A8: Bombona de plástico | B8: 1 | C8: =Dados!B103 -> 319 | D8: 12 | E8: =IF(D8>0,B8*C8/D8,0) -> 26.583333
A9: Carrinho de mão | B9: 2 | C9: =Dados!B104 -> 271.57 | D9: 24 | E9: =IF(D9>0,B9*C9/D9,0) -> 22.630833
A10: Cavadeira de braço | B10: 2 | C10: =Dados!B106 -> 75.53 | D10: 12 | E10: =IF(D10>0,B10*C10/D10,0) -> 12.588333
A11: Chibanca (picareta tipo enxada) | B11: 2 | C11: =Dados!B107 -> 83.69 | D11: 24 | E11: =IF(D11>0,B11*C11/D11,0) -> 6.9741667
A12: Enxada estreita | B12: 2 | C12: =Dados!B109 -> 44.01 | D12: 12 | E12: =IF(D12>0,B12*C12/D12,0) -> 7.335
A13: Enxada larga | B13: 2 | C13: =Dados!B110 -> 77.1 | D13: 12 | E13: =IF(D13>0,B13*C13/D13,0) -> 12.85
A14: Facão | B14: 2 | C14: =Dados!B111 -> 23.91 | D14: 12 | E14: =IF(D14>0,B14*C14/D14,0) -> 3.985
A15: Foice | B15: 2 | C15: =Dados!B113 -> 54.22 | D15: 12 | E15: =IF(D15>0,B15*C15/D15,0) -> 9.0366667
A16: Forcado com cabo | B16: 2 | C16: =Dados!B114 -> 73.91 | D16: 12 | E16: =IF(D16>0,B16*C16/D16,0) -> 12.318333
A17: Pá de pedreiro com cabo | B17: 2 | C17: =Dados!B119 -> 44.77 | D17: 12 | E17: =IF(D17>0,B17*C17/D17,0) -> 7.4616667
A18: Pá quadrada com cabo de madeira em Y | B18: 2 | C18: =Dados!B120 -> 40.02 | D18: 12 | E18: =IF(D18>0,B18*C18/D18,0) -> 6.67
A19: Pazinha estreita | B19: 2 | C19: =Dados!B121 -> 12.93 | D19: 12 | E19: =IF(D19>0,B19*C19/D19,0) -> 2.155
A20: Pazinha larga | B20: 2 | C20: =Dados!B122 -> 16.2 | D20: 12 | E20: =IF(D20>0,B20*C20/D20,0) -> 2.7
A21: Picareta normal | B21: 2 | C21: =Dados!B123 -> 110.46 | D21: 24 | E21: =IF(D21>0,B21*C21/D21,0) -> 9.205
A22: Regador | B22: 2 | C22: =Dados!B125 -> 27.51 | D22: 12 | E22: =IF(D22>0,B22*C22/D22,0) -> 4.585
A23: Serra curva (serrote de poda) | B23: 2 | C23: =Dados!B126 -> 47.33 | D23: 12 | E23: =IF(D23>0,B23*C23/D23,0) -> 7.8883333
A24: Tesoura de poda profissional – manual de uma mão | B24: 2 | C24: =Dados!B128 -> 55.01 | D24: 12 | E24: =IF(D24>0,B24*C24/D24,0) -> 9.1683333
A25: Tesoura para poda de galhos com cabo longo (tipo alavanca) | B25: 2 | C25: =Dados!B129 -> 95.53 | D25: 12 | E25: =IF(D25>0,B25*C25/D25,0) -> 15.921667
A26: Tesoura para cerca-viva / grama – lâmina longa e reta | B26: 2 | C26: =Dados!B130 -> 40.55 | D26: 12 | E26: =IF(D26>0,B26*C26/D26,0) -> 6.7583333
A27: Vassoura Rastelo | B27: 6 | C27: =Dados!B124 -> 44.86 | D27: 3 | E27: =IF(D27>0,B27*C27/D27,0) -> 89.72
A28: Vassourão 40 cm | B28: 6 | C28: =Dados!B131 -> 42.45 | D28: 3 | E28: =IF(D28>0,B28*C28/D28,0) -> 84.9
A30: TOTAL FERRAMENTAS | E30: =SUM(E6:E28) -> 371.77333
A32: Fator BDI | B32: =Dados!B8 -> 0.1557 | D32: =E30 -> 371.77333 | E32: =ROUND(B32*D32,2) -> 57.89
A34: TOTAL MENSAL COM BDI | E34: =E30+E32 -> 429.66333

Sheet F.PS
A2: KIT DE FERRAMENTAS MANUAIS
A3: PODA E SUPRESSÃO DE ÁRVORES
A4: Descrição | B4: Qtd | C4: Valor Unitário | D4: Vida útil (meses) | E4: Valor
A5: Chibanca (picareta tipo enxada) | B5: 2 | C5: =Dados!B107 -> 83.69 | D5: 12 | E5: =IF(D5>0,B5*C5/D5,0) -> 13.948333
A6: Picareta normal | B6: 2 | C6: =Dados!B123 -> 110.46 | D6: 12 | E6: =IF(D6>0,B6*C6/D6,0) -> 18.41
A7: Machado | B7: 2 | C7: =Dados!B117 -> 97.08 | D7: 12 | E7: =IF(D7>0,B7*C7/D7,0) -> 16.18
A8: Forcado com cabo | B8: 2 | C8: =Dados!B114 -> 73.91 | D8: 12 | E8: =IF(D8>0,B8*C8/D8,0) -> 12.318333
A9: Tesoura para poda de galhos com cabo longo | B9: 2 | C9: =Dados!B129 -> 95.53 | D9: 12 | E9: =IF(D9>0,B9*C9/D9,0) -> 15.921667
A10: Serra curva (serrote de poda) | B10: 2 | C10: =Dados!B126 -> 47.33 | D10: 12 | E10: =IF(D10>0,B10*C10/D10,0) -> 7.8883333
A11: Facão | B11: 2 | C11: =Dados!B111 -> 23.91 | D11: 12 | E11: =IF(D11>0,B11*C11/D11,0) -> 3.985
A12: Fita zebrada | B12: 500 | C12: =Dados!B112 -> 0.07 | D12: 3 | E12: =IF(D12>0,B12*C12/D12,0) -> 11.666667
A13: Cavalete zebrado | B13: 2 | C13: =Dados!B105 -> 366.49 | D13: 12 | E13: =IF(D13>0,B13*C13/D13,0) -> 61.081667
A14: Corda de Poliamida 12 Mm Tipo Bombeiro - 100 M | B14: 1 | C14: =Dados!B108 -> 412.48 | D14: 12 | E14: =IF(D14>0,B14*C14/D14,0) -> 34.373333
A15: Foice | B15: 2 | C15: =Dados!B113 -> 54.22 | D15: 12 | E15: =IF(D15>0,B15*C15/D15,0) -> 9.0366667
A16: Carrinho de mão | B16: 2 | C16: =Dados!B104 -> 271.57 | D16: 24 | E16: =IF(D16>0,B16*C16/D16,0) -> 22.630833
A17: Vassourão 40 cm | B17: 4 | C17: =Dados!B131 -> 42.45 | D17: 2 | E17: =IF(D17>0,B17*C17/D17,0) -> 84.9
A18: Lima redonda bastarda 8" com cabo | B18: 1 | C18: =Dados!B115 -> 31.2 | D18: 1 | E18: =IF(D18>0,B18*C18/D18,0) -> 31.2
A19: Lima quadrada bastarda 8" com cabo | B19: 1 | C19: =Dados!B116 -> 40.44 | D19: 1 | E19: =IF(D19>0,B19*C19/D19,0) -> 40.44
A21: TOTAL FERRAMENTAS | E21: =SUM(E5:E19) -> 383.98083
A23: Fator BDI | B23: =Dados!B8 -> 0.1557 | D23: =E21 -> 383.98083 | E23: =ROUND(B23*D23,2) -> 59.79
A25: TOTAL MENSAL COM BDI | E25: =E21+E23 -> 443.77083

Sheet F.RM
A2: KIT DE FERRAMENTAS MANUAIS
A3: ROÇAGEM MECANIZADA
A4: Descrição | B4: Qtd | C4: Valor Unitário | D4: Vida útil (meses) | E4: Valor
A5: Ancinho metálico com 12 dentes para jardinagem – cabo de madeira (GRANDE) | B5: 4 | C5: =Dados!B101 -> 35.9 | D5: 12 | E5: =IF(D5>0,B5*C5/D5,0) -> 11.966667
A6: Carrinho de mão | B6: 4 | C6: =Dados!B104 -> 271.57 | D6: 24 | E6: =IF(D6>0,B6*C6/D6,0) -> 45.261667
A7: Facão para mato | B7: 4 | C7: =Dados!B111 -> 23.91 | D7: 12 | E7: =IF(D7>0,B7*C7/D7,0) -> 7.97
A8: Foice | B8: 2 | C8: =Dados!B113 -> 54.22 | D8: 12 | E8: =IF(D8>0,B8*C8/D8,0) -> 9.0366667
A9: Forcado com cabo | B9: 2 | C9: =Dados!B114 -> 73.91 | D9: 12 | E9: =IF(D9>0,B9*C9/D9,0) -> 12.318333
A10: Pá quadrada com cabo de madeira em Y | B10: 4 | C10: =Dados!B120 -> 40.02 | D10: 12 | E10: =IF(D10>0,B10*C10/D10,0) -> 13.34
A11: Rastelo vassoura plástica 26 dentes com cabo de madeira – 120 cm | B11: 4 | C11: =Dados!B124 -> 44.86 | D11: 3 | E11: =IF(D11>0,B11*C11/D11,0) -> 59.813333
A12: Tela de proteção para roçagem | B12: 1 | C12: =Dados!B127 -> 320.3 | D12: 6 | E12: =IF(D12>0,B12*C12/D12,0) -> 53.383333
A13: Vassoura 40 cm com cabo | B13: 4 | C13: =Dados!B131 -> 42.45 | D13: 3 | E13: =IF(D13>0,B13*C13/D13,0) -> 56.6
A15: TOTAL FERRAMENTAS | E15: =SUM(E5:E13) -> 269.69
A17: Fator BDI | B17: =Dados!B8 -> 0.1557 | D17: =E15 -> 269.69 | E17: =ROUND(B17*D17,2) -> 41.99
A19: TOTAL MENSAL COM BDI | E19: =E15+E17 -> 311.68

Sheet F.OV
A3: KIT DE FERRAMENTAS MANUAIS
A4: OPERAÇÃO DO VIVEIRO
A6: Descrição | B6: Qtd | C6: Valor Unitário | D6: Vida útil (meses) | E6: Valor
A7: Ancinho metálico com 12 dentes para jardinagem – cabo de madeira (GRANDE) | B7: 2 | C7: =Dados!B101 -> 35.9 | D7: 12 | E7: =IF(D7>0,B7*C7/D7,0) -> 5.9833333
A8: Ancinho metálico com 3 dentes para jardinagem – cabo de madeira (PEQUENA) | B8: 2 | C8: =Dados!B102 -> 17.42 | D8: 12 | E8: =IF(D8>0,B8*C8/D8,0) -> 2.9033333
A9: Bombona de plástico | B9: 1 | C9: =Dados!B103 -> 319 | D9: 12 | E9: =IF(D9>0,B9*C9/D9,0) -> 26.583333
A10: Carrinho de mão | B10: 2 | C10: =Dados!B104 -> 271.57 | D10: 24 | E10: =IF(D10>0,B10*C10/D10,0) -> 22.630833
A11: Cavadeira de braço | B11: 2 | C11: =Dados!B106 -> 75.53 | D11: 12 | E11: =IF(D11>0,B11*C11/D11,0) -> 12.588333
A12: Enxada estreita | B12: 2 | C12: =Dados!B109 -> 44.01 | D12: 12 | E12: =IF(D12>0,B12*C12/D12,0) -> 7.335
A13: Enxada larga | B13: 2 | C13: =Dados!B110 -> 77.1 | D13: 12 | E13: =IF(D13>0,B13*C13/D13,0) -> 12.85
A14: Facão para mato | B14: 2 | C14: =Dados!B111 -> 23.91 | D14: 12 | E14: =IF(D14>0,B14*C14/D14,0) -> 3.985
A15: Forcado com cabo | B15: 2 | C15: =Dados!B114 -> 73.91 | D15: 12 | E15: =IF(D15>0,B15*C15/D15,0) -> 12.318333
A16: Mangueira para jardim – 1/2", 200 m | B16: 1 | C16: =Dados!B118 -> 653.39 | D16: 12 | E16: =IF(D16>0,B16*C16/D16,0) -> 54.449167
A17: Pá de pedreiro com cabo | B17: 2 | C17: =Dados!B119 -> 44.77 | D17: 12 | E17: =IF(D17>0,B17*C17/D17,0) -> 7.4616667
A18: Pá quadrada com cabo de madeira em Y | B18: 2 | C18: =Dados!B120 -> 40.02 | D18: 12 | E18: =IF(D18>0,B18*C18/D18,0) -> 6.67
A19: Pazinha estreita metálica para jardinagem – cabo de madeira | B19: 2 | C19: =Dados!B121 -> 12.93 | D19: 6 | E19: =IF(D19>0,B19*C19/D19,0) -> 4.31
A20: Pazinha larga metálica para jardinagem – cabo de madeira | B20: 2 | C20: =Dados!B122 -> 16.2 | D20: 6 | E20: =IF(D20>0,B20*C20/D20,0) -> 5.4
A21: Picareta com cabo | B21: 2 | C21: =Dados!B123 -> 110.46 | D21: 12 | E21: =IF(D21>0,B21*C21/D21,0) -> 18.41
A22: Rastelo vassoura plástica 26 dentes com cabo de madeira – 120 cm | B22: 4 | C22: =Dados!B124 -> 44.86 | D22: 3 | E22: =IF(D22>0,B22*C22/D22,0) -> 59.813333
A23: Regador plástico 10 litros | B23: 2 | C23: =Dados!B125 -> 27.51 | D23: 12 | E23: =IF(D23>0,B23*C23/D23,0) -> 4.585
A24: Serrote para poda curvo – 12” | B24: 2 | D24: 12 | E24: =IF(D24>0,B24*C24/D24,0) -> 0
A25: Tesoura de poda profissional – manual de uma mão | B25: 2 | C25: =Dados!B128 -> 55.01 | D25: 12 | E25: =IF(D25>0,B25*C25/D25,0) -> 9.1683333
A26: Tesoura para poda de galhos com cabo longo (tipo alavanca) | B26: 2 | C26: =Dados!B129 -> 95.53 | D26: 12 | E26: =IF(D26>0,B26*C26/D26,0) -> 15.921667
A27: Tesoura para cerca-viva / grama – lâmina longa e reta | B27: 2 | C27: =Dados!B130 -> 40.55 | D27: 12 | E27: =IF(D27>0,B27*C27/D27,0) -> 6.7583333
A28: Vassoura 40 cm com cabo | B28: 4 | C28: =Dados!B131 -> 42.45 | D28: 3 | E28: =IF(D28>0,B28*C28/D28,0) -> 56.6
A30: TOTAL FERRAMENTAS | E30: =SUM(E7:E28) -> 356.725
A32: Fator BDI | B32: =Dados!B8 -> 0.1557 | D32: =E30 -> 356.725 | E32: =ROUND(B32*D32,2) -> 55.54
A34: TOTAL MENSAL COM BDI | E34: =E30+E32 -> 412.265

Sheet CAPA (V)
A2: ='2.1'!A3:E3 -> COMPOSIÇÃO DE PREÇO UNITÁRIO
A3: VEÍCULOS

Sheet Veículos
A3: (VEÍCULOS E EQUIPAMENTO - VALOR HORA - EXCLUSO MÃO DE OBRA DE MOTORISTA)
A4: ITEM | B4: DESCRIÇÃO | D4: UNID | E4: HORAS | F4: VALOR HORA (R$)
A6: 2.1 | B6: ='2.1'!A5 -> Caminhão 3/4 carroceria e cabine suplementar (excluso motorista) | D6: equip. | E6: 200 | F6: ='2.1'!E23 -> 131.86
A7: 2.2 | B7: ='2.2'!A5 -> Caminhão Munk com alcance mínimo de 15 metros c/ cesto aéreo (excluso motorista) | D7: equip. | E7: 200 | F7: ='2.2'!E23 -> 197.91
A8: 2.3 | B8: ='2.3'!A5 -> Caminhão Munk com alcance mínimo de 20 metros c/ cesto aéreo (excluso motorista) | D8: equip. | E8: 200 | F8: ='2.3'!E23 -> 198.47
A9: 2.4 | B9: ='2.4'!A5 -> Caminhão Basculante Toco (Cap. 6m3) | D9: equip. | E9: 200 | F9: ='2.4'!E23 -> 158.28
A10: 2.5 | B10: ='2.5'!A5 -> Caminhão Carroceria PBT = 12.500 KG | D10: equip. | E10: 200 | F10: ='2.5'!E23 -> 156.21
A11: 2.6.1 | B11: Caminhão Toco Pipa (Cap 8.000 litros) - TURNO A | D11: equip. | E11: 200 | F11: ='2.6'!E23 -> 174.83
A12: 2.6.2 | B12: Caminhão Toco Pipa (Cap 8.000 litros) - TURNO B | D12: equip. | E12: 200 | F12: ='2.6'!E23 -> 174.83
A13: 2.7 | B13: ='2.7'!A5 -> ÔNIBUS URBANO capacidade 40 passageiros | D13: equip. | E13: 200 | F13: ='2.7'!E23 -> 122.27
A14: 2.8 | B14: ='2.8'!A5 -> Retroescavadeira 4x2 CASE 580N (ou similar) | D14: equip. | E14: 200 | F14: ='2.8'!E22 -> 109.49

Sheet 2.1
A3: COMPOSIÇÃO DE PREÇO UNITÁRIO
A5: Caminhão 3/4 carroceria e cabine suplementar (excluso motorista)
A6: DESCRIÇÃO | B6: UNID. | C6: QUANT. | D6: PREÇO
D7: UNIT. | E7: TOTAL
A8: CUSTOS AGREGADOS A EQUIPAMENTOS
A9: Óleo Diesel | B9: Unid. | C9: 600 | D9: =Dados!B94 -> 6.87 | E9: =ROUND(C9*D9,2) -> 4122
A10: Monit. por GPS e sistema de Localização | B10: Unid. | C10: 1 | D10: =Dados!C88 -> 65 | E10: =ROUND(C10*D10,2) -> 65
A11: Lavagem ( 2x mês) | B11: Unid. | C11: 2 | D11: 150 | E11: =ROUND(C11*D11,2) -> 300
A12: Peças de reposição | B12: VB | C12: 1 | D12: =ROUND(C15*0.05/12,2) -> 1956.68 | E12: =ROUND(C12*D12,2) -> 1956.68
A13: Pneus | B13: VB | C13: 1 | D13: =ROUND(((Dados!C80*6)+(Dados!C82*6)+(Dados!C81*6*50%))/60000*(C9*4.5),2) -> 659.04 | E13: =ROUND(C13*D13,2) -> 659.04
A14: Óleo lubrif., filtros | B14: VB | C14: 1 | D14: =ROUND(E9*10%,2) -> 412.2 | E14: =ROUND(C14*D14,2) -> 412.2
A15: Seguro | B15: 0.11 | C15: =Dados!B37 -> 469604 | D15: =ROUND(C15*B15,2) -> 51656.44 | E15: =ROUND(D15/12,2) -> 4304.7
A16: Licenciamento | B16: 0.02 | C16: =C15 -> 469604 | D16: =ROUND(C16*B16,2) -> 9392.08 | E16: =ROUND(D16/12,2) -> 782.67
A17: Depreciação | B17: 60 | C17: =C16 -> 469604 | D17: =ROUND(C17/B17,2) -> 7826.73 | E17: =D17 -> 7826.73
A18: Subtotal | E18: =SUM(E9:E17) -> 20429.02
A19: SOMATÓRIO DOS SUBTOTAIS | E19: =E18 -> 20429.02
A20: Fator de BDI | B20: =Dados!B9 -> 0.2909 | C20: =E19 -> 20429.02 | E20: =ROUND(B20*E19,2) -> 5942.8
A21: TOTAL GERAL MENSAL (R$) | E21: =E19+E20 -> 26371.82
A22: Quantidade Mensal Estimada (Hora mínima de Equipamento) | E22: 200
A23: PREÇO UNITÁRIO (R$) | E23: =ROUND(E21/E22,2) -> 131.86

Sheet 2.2
A3: COMPOSIÇÃO DE PREÇO UNITÁRIO
A5: Caminhão Munk com alcance mínimo de 15 metros c/ cesto aéreo (excluso motorista)
A6: DESCRIÇÃO | B6: UNID. | C6: QUANT. | D6: PREÇO
D7: UNIT. | E7: TOTAL
A8: CUSTOS AGREGADOS A EQUIPAMENTOS
A9: Óleo Diesel | B9: Unid. | C9: 600 | D9: =Dados!B94 -> 6.87 | E9: =ROUND(C9*D9,2) -> 4122
A10: Monit. por GPS e sistema de Localização | B10: Unid. | C10: 1 | D10: =Dados!C88 -> 65 | E10: =ROUND(C10*D10,2) -> 65
A11: Lavagem ( 2x mês) | B11: Unid. | C11: 2 | D11: 150 | E11: =ROUND(C11*D11,2) -> 300
A12: Peças de reposição | B12: VB | C12: 1 | D12: =ROUND(C15*0.05/12,2) -> 3303.12 | E12: =ROUND(C12*D12,2) -> 3303.12
A13: Pneus | B13: VB | C13: 1 | D13: =ROUND(((Dados!C80*6)+(Dados!C82*6)+(Dados!C81*6*50%))/60000*(C9*4.5),2) -> 659.04 | E13: =ROUND(C13*D13,2) -> 659.04
A14: Óleo lubrif., filtros | B14: VB | C14: 1 | D14: =ROUND(E9*10%,2) -> 412.2 | E14: =ROUND(C14*D14,2) -> 412.2
A15: Seguro | B15: 0.11 | C15: =Dados!B41 -> 792748.74 | D15: =ROUND(C15*B15,2) -> 87202.36 | E15: =ROUND(D15/12,2) -> 7266.86
A16: Licenciamento | B16: 0.02 | C16: =C15 -> 792748.74 | D16: =ROUND(C16*B16,2) -> 15854.97 | E16: =ROUND(D16/12,2) -> 1321.25
A17: Depreciação | B17: 60 | C17: =C16 -> 792748.74 | D17: =ROUND(C17/B17,2) -> 13212.48 | E17: =D17 -> 13212.48
A18: Subtotal | E18: =SUM(E9:E17) -> 30661.95
A19: SOMATÓRIO DOS SUBTOTAIS | E19: =E18 -> 30661.95
A20: Fator de BDI | B20: =Dados!B9 -> 0.2909 | C20: =E19 -> 30661.95 | E20: =ROUND(B20*C20,2) -> 8919.56
A21: TOTAL GERAL MENSAL (R$) | E21: =E19+E20 -> 39581.51
A22: Quantidade Mensal Estimada (Hora mínima de Veículo / Equipamento) | E22: 200
A23: PREÇO UNITÁRIO (R$) | E23: =ROUND(E21/E22,2) -> 197.91

Sheet 2.3
A3: COMPOSIÇÃO DE PREÇO UNITÁRIO
A5: Caminhão Munk com alcance mínimo de 20 metros c/ cesto aéreo (excluso motorista)
A6: DESCRIÇÃO | B6: UNID. | C6: QUANT. | D6: PREÇO
D7: UNIT. | E7: TOTAL
A8: CUSTOS AGREGADOS A EQUIPAMENTOS
A9: Óleo Diesel | B9: Unid. | C9: 600 | D9: =Dados!B94 -> 6.87 | E9: =ROUND(C9*D9,2) -> 4122
A10: Monit. por GPS e sistema de Localização | B10: Unid. | C10: 1 | D10: =Dados!C88 -> 65 | E10: =ROUND(C10*D10,2) -> 65
A11: Lavagem ( 2x mês) | B11: Unid. | C11: 2 | D11: 150 | E11: =ROUND(C11*D11,2) -> 300
A12: Peças de reposição | B12: VB | C12: 1 | D12: =ROUND(C15*0.05/12,2) -> 3303.12 | E12: =ROUND(C12*D12,2) -> 3303.12
A13: Pneus | B13: VB | C13: 1 | D13: =ROUND(((Dados!C76*6)+(Dados!C77*6)+(Dados!C78*6*50%))/60000*(C9*3.5),2) -> 746.3 | E13: =ROUND(C13*D13,2) -> 746.3
A14: Óleo lubrif., filtros | B14: VB | C14: 1 | D14: =ROUND(E9*10%,2) -> 412.2 | E14: =ROUND(C14*D14,2) -> 412.2
A15: Seguro | B15: 0.11 | C15: =Dados!B47 -> 792748.74 | D15: =ROUND(C15*B15,2) -> 87202.36 | E15: =ROUND(D15/12,2) -> 7266.86
A16: Licenciamento | B16: 0.02 | C16: =C15 -> 792748.74 | D16: =ROUND(C16*B16,2) -> 15854.97 | E16: =ROUND(D16/12,2) -> 1321.25
A17: Depreciação | B17: 60 | C17: =C16 -> 792748.74 | D17: =ROUND(C17/B17,2) -> 13212.48 | E17: =D17 -> 13212.48
A18: Subtotal | E18: =SUM(E9:E17) -> 30749.21
A19: SOMATÓRIO DOS SUBTOTAIS | E19: =E18 -> 30749.21
A20: Fator de BDI | B20: =Dados!B9 -> 0.2909 | C20: =E19 -> 30749.21 | E20: =ROUND(B20*C20,2) -> 8944.95
A21: TOTAL GERAL MENSAL (R$) | E21: =E19+E20 -> 39694.16
A22: Quantidade Mensal Estimada (Hora mínima de Veículo / Equipamento) | E22: 200
A23: PREÇO UNITÁRIO (R$) | E23: =ROUND(E21/E22,2) -> 198.47

Sheet 2.4
A3: COMPOSIÇÃO DE PREÇO UNITÁRIO
A5: Caminhão Basculante Toco (Cap. 6m3)
A6: DESCRIÇÃO | B6: UNID. | C6: QUANT. | D6: PREÇO
D7: UNIT. | E7: TOTAL
A8: CUSTOS AGREGADOS A EQUIPAMENTOS
A9: Óleo Diesel | B9: Unid. | C9: 400 | D9: =Dados!B94 -> 6.87 | E9: =ROUND(C9*D9,2) -> 2748
A10: Monit. por GPS e sistema de Localização | B10: Unid. | C10: 1 | D10: =Dados!C88 -> 65 | E10: =ROUND(C10*D10,2) -> 65
A11: Lavagem ( 2x mês) | B11: Unid. | C11: 2 | D11: 150 | E11: =ROUND(C11*D11,2) -> 300
A12: Peças de reposição | B12: VB | C12: 1 | D12: =ROUND(C15*0.05/12,2) -> 2715.49 | E12: =ROUND(C12*D12,2) -> 2715.49
A13: Pneus | B13: VB | C13: 1 | D13: =ROUND(((Dados!C76*6)+(Dados!C77*6)+(Dados!C78*6*50%))/60000*(C9*3.5),2) -> 497.54 | E13: =ROUND(C13*D13,2) -> 497.54
A14: Óleo lubrif., filtros | B14: VB | C14: 1 | D14: =ROUND(E9*10%,2) -> 274.8 | E14: =ROUND(C14*D14,2) -> 274.8
A15: Seguro | B15: 0.11 | C15: =Dados!B64 -> 651716.62 | D15: =ROUND(C15*B15,2) -> 71688.83 | E15: =ROUND(D15/12,2) -> 5974.07
A16: Licenciamento | B16: 0.02 | C16: =C15 -> 651716.62 | D16: =ROUND(C16*B16,2) -> 13034.33 | E16: =ROUND(D16/12,2) -> 1086.19
A17: Depreciação | B17: 60 | C17: =C16 -> 651716.62 | D17: =ROUND(C17/B17,2) -> 10861.94 | E17: =D17 -> 10861.94
A18: Subtotal | E18: =SUM(E9:E17) -> 24523.03
A19: SOMATÓRIO DOS SUBTOTAIS | E19: =E18 -> 24523.03
A20: Fator de BDI | B20: =Dados!B9 -> 0.2909 | C20: =E19 -> 24523.03 | E20: =ROUND(B20*C20,2) -> 7133.75
A21: TOTAL GERAL MENSAL (R$) | E21: =E19+E20 -> 31656.78
A22: Quantidade Mensal Estimada (Hora mínima de Veículo / Equipamento) | E22: 200
A23: PREÇO UNITÁRIO (R$) | E23: =ROUND(E21/E22,2) -> 158.28

Sheet 2.5
A3: COMPOSIÇÃO DE PREÇO UNITÁRIO
A5: Caminhão Carroceria PBT = 12.500 KG
A6: DESCRIÇÃO | B6: UNID. | C6: QUANT. | D6: PREÇO
D7: UNIT. | E7: TOTAL
A8: CUSTOS AGREGADOS A EQUIPAMENTOS
A9: Óleo Diesel | B9: Unid. | C9: 450 | D9: =Dados!B94 -> 6.87 | E9: =ROUND(C9*D9,2) -> 3091.5
A10: Monit. por GPS e sistema de Localização | B10: Unid. | C10: 1 | D10: =Dados!C88 -> 65 | E10: =ROUND(C10*D10,2) -> 65
A11: Lavagem ( 2x mês) | B11: Unid. | C11: 2 | D11: 150 | E11: =ROUND(C11*D11,2) -> 300
A12: Peças de reposição | B12: VB | C12: 1 | D12: =ROUND(C15*0.05/12,2) -> 2615.25 | E12: =ROUND(C12*D12,2) -> 2615.25
A13: Pneus | B13: VB | C13: 1 | D13: =ROUND(((Dados!C76*6)+(Dados!C77*6)+(Dados!C78*6*50%))/60000*(C9*3.5),2) -> 559.73 | E13: =ROUND(C13*D13,2) -> 559.73
A14: Óleo lubrif., filtros | B14: VB | C14: 1 | D14: =ROUND(E9*10%,2) -> 309.15 | E14: =ROUND(C14*D14,2) -> 309.15
A15: Seguro | B15: 0.11 | C15: =Dados!B54 -> 627660.23 | D15: =ROUND(C15*B15,2) -> 69042.63 | E15: =ROUND(D15/12,2) -> 5753.55
A16: Licenciamento | B16: 0.02 | C16: =C15 -> 627660.23 | D16: =ROUND(C16*B16,2) -> 12553.2 | E16: =ROUND(D16/12,2) -> 1046.1
A17: Depreciação | B17: 60 | C17: =C16 -> 627660.23 | D17: =ROUND(C17/B17,2) -> 10461 | E17: =D17 -> 10461
A18: Subtotal | E18: =SUM(E9:E17) -> 24201.28
A19: SOMATÓRIO DOS SUBTOTAIS | E19: =E18 -> 24201.28
A20: Fator de BDI | B20: =Dados!B9 -> 0.2909 | C20: =E19 -> 24201.28 | E20: =ROUND(B20*C20,2) -> 7040.15
A21: TOTAL GERAL MENSAL (R$) | E21: =E19+E20 -> 31241.43
A22: Quantidade Mensal Estimada (Hora mínima de Veículo / Equipamento) | E22: 200
A23: PREÇO UNITÁRIO (R$) | E23: =ROUND(E21/E22,2) -> 156.21

Sheet 2.6
A3: COMPOSIÇÃO DE PREÇO UNITÁRIO
A5: Caminhão Toco Pipa (Cap 8.000 litros) - TURNO A e TURNO B
A6: DESCRIÇÃO | B6: UNID. | C6: QUANT. | D6: PREÇO
D7: UNIT. | E7: TOTAL
A8: CUSTOS AGREGADOS A EQUIPAMENTOS
A9: Óleo Diesel | B9: Unid. | C9: 600 | D9: =Dados!B94 -> 6.87 | E9: =ROUND(C9*D9,2) -> 4122
A10: Monit. por GPS e sistema de Localização | B10: Unid. | C10: 1 | D10: =Dados!C88 -> 65 | E10: =ROUND(C10*D10,2) -> 65
A11: Lavagem ( 2x mês) | B11: Unid. | C11: 2 | D11: 150 | E11: =ROUND(C11*D11,2) -> 300
A12: Peças de reposição | B12: VB | C12: 1 | D12: =ROUND(C15*0.05/12,2) -> 2857.74 | E12: =ROUND(C12*D12,2) -> 2857.74
A13: Pneus | B13: VB | C13: 1 | D13: =ROUND(((Dados!C76*6)+(Dados!C77*6)+(Dados!C78*6*50%))/60000*(C9*2.2),2) -> 469.11 | E13: =ROUND(C13*D13,2) -> 469.11
A14: Óleo lubrif., filtros | B14: VB | C14: 1 | D14: =ROUND(E9*10%,2) -> 412.2 | E14: =ROUND(C14*D14,2) -> 412.2
A15: Seguro | B15: 0.11 | C15: =Dados!B67 -> 685857.65 | D15: =ROUND(C15*B15,2) -> 75444.34 | E15: =ROUND(D15/12,2) -> 6287.03
A16: Licenciamento | B16: 0.02 | C16: =C15 -> 685857.65 | D16: =ROUND(C16*B16,2) -> 13717.15 | E16: =ROUND(D16/12,2) -> 1143.1
A17: Depreciação | B17: 60 | C17: =C16 -> 685857.65 | D17: =ROUND(C17/B17,2) -> 11430.96 | E17: =D17 -> 11430.96
A18: Subtotal | E18: =SUM(E9:E17) -> 27087.14
A19: SOMATÓRIO DOS SUBTOTAIS | E19: =E18 -> 27087.14
A20: Fator de BDI | B20: =Dados!B9 -> 0.2909 | C20: =E19 -> 27087.14 | E20: =ROUND(B20*C20,2) -> 7879.65
A21: TOTAL GERAL MENSAL (R$) | E21: =E19+E20 -> 34966.79 | G21: =F21*6 -> 0
A22: Quantidade Mensal Estimada (Hora mínima de Veículo / Equipamento) | E22: 200
A23: PREÇO UNITÁRIO (R$) | E23: =ROUND(E21/E22,2) -> 174.83

Sheet 2.7
A3: COMPOSIÇÃO DE PREÇO UNITÁRIO
A5: ÔNIBUS URBANO capacidade 40 passageiros
A6: DESCRIÇÃO | B6: UNID. | C6: QUANT. | D6: PREÇO
D7: UNIT. | E7: TOTAL
A8: CUSTOS AGREGADOS A EQUIPAMENTOS
A9: Óleo Diesel | B9: Unid. | C9: 600 | D9: =Dados!B94 -> 6.87 | E9: =ROUND(C9*D9,2) -> 4122
A10: Monit. por GPS e sistema de Localização | B10: Unid. | C10: 1 | D10: =Dados!C88 -> 65 | E10: =ROUND(C10*D10,2) -> 65
A11: Lavagem ( 2x mês) | B11: Unid. | C11: 2 | D11: 150 | E11: =ROUND(C11*D11,2) -> 300
A12: Peças de reposição | B12: VB | C12: 1 | D12: =ROUND(C15*0.05/12,2) -> 1749.81 | E12: =ROUND(C12*D12,2) -> 1749.81
A13: Pneus | B13: VB | C13: 1 | D13: =ROUND(((Dados!C76*6)+(Dados!C77*6)+(Dados!C78*6*50%))/60000*(C9*3.5),2) -> 746.3 | E13: =ROUND(C13*D13,2) -> 746.3
A14: Óleo lubrif., filtros | B14: VB | C14: 1 | D14: =ROUND(E9*10%,2) -> 412.2 | E14: =ROUND(C14*D14,2) -> 412.2
A15: Seguro | B15: 0.11 | C15: =Dados!B70 -> 419954 | D15: =ROUND(C15*B15,2) -> 46194.94 | E15: =ROUND(D15/12,2) -> 3849.58
A16: Licenciamento | B16: 0.02 | C16: =C15 -> 419954 | D16: =ROUND(C16*B16,2) -> 8399.08 | E16: =ROUND(D16/12,2) -> 699.92
A17: Depreciação | B17: 60 | C17: =C16 -> 419954 | D17: =ROUND(C17/B17,2) -> 6999.23 | E17: =D17 -> 6999.23
A18: Subtotal | E18: =SUM(E9:E17) -> 18944.04
A19: SOMATÓRIO DOS SUBTOTAIS | E19: =E18 -> 18944.04
A20: Fator de BDI | B20: =Dados!B9 -> 0.2909 | C20: =E19 -> 18944.04 | E20: =ROUND(B20*C20,2) -> 5510.82
A21: TOTAL GERAL MENSAL (R$) | E21: =E19+E20 -> 24454.86
A22: Quantidade Mensal Estimada (Hora mínima de Veículo / Equipamento) | E22: 200
A23: PREÇO UNITÁRIO (R$) | E23: =ROUND(E21/E22,2) -> 122.27

Sheet 2.8
A3: COMPOSIÇÃO DE PREÇO UNITÁRIO
A5: Retroescavadeira 4x2 CASE 580N (ou similar)
A6: DESCRIÇÃO | B6: UNID. | C6: QUANT. | D6: PREÇO
D7: UNIT. | E7: TOTAL
A8: CUSTOS AGREGADOS A EQUIPAMENTOS
A9: Óleo Diesel | B9: Unid. | C9: 400 | D9: ='2.7'!D9 -> 6.87 | E9: =ROUND(C9*D9,2) -> 2748
A10: Monit. por GPS e sistema de Localização | B10: Unid. | C10: 1 | D10: ='2.7'!D10 -> 65 | E10: =ROUND(C10*D10,2) -> 65
A11: Peças de reposição | B11: VB | C11: 1 | D11: =ROUND(C14*0.05/12,2) -> 1747.87 | E11: =ROUND(C11*D11,2) -> 1747.87
A12: Pneus | B12: VB | C12: 1 | D12: =ROUND(((Dados!C84*4)+(Dados!C85*4))/25000*(C9*1.8),2) -> 591.14 | E12: =ROUND(C12*D12,2) -> 591.14
A13: Óleo lubrif., filtros | B13: VB | C13: 1 | D13: =ROUND(E9*10%,2) -> 274.8 | E13: =ROUND(C13*D13,2) -> 274.8
A14: Seguro | B14: 0.11 | C14: =Dados!B72 -> 419487.79 | D14: =ROUND(C14*B14,2) -> 46143.66 | E14: =ROUND(D14/12,2) -> 3845.31
A15: Licenciamento | B15: 0.02 | C15: =C14 -> 419487.79 | D15: =ROUND(C15*B15,2) -> 8389.76 | E15: =ROUND(D15/12,2) -> 699.15
A16: Depreciação | B16: 60 | C16: =C15 -> 419487.79 | D16: =ROUND(C16/B16,2) -> 6991.46 | E16: =D16 -> 6991.46
A17: Subtotal | E17: =SUM(E9:E16) -> 16962.73
A18: SOMATÓRIO DOS SUBTOTAIS | E18: =E17 -> 16962.73
A19: Fator de BDI | B19: =Dados!B9 -> 0.2909 | C19: =E18 -> 16962.73 | E19: =ROUND(B19*C19,2) -> 4934.46
A20: TOTAL GERAL MENSAL (R$) | E20: =E18+E19 -> 21897.19
A21: Quantidade Mensal Estimada (Hora mínima de Veículo / Equipamento) | E21: 200
A22: PREÇO UNITÁRIO (R$) | E22: =ROUND(E20/E21,2) -> 109.49

Sheet CAPA (7)
A2: ='2.1'!A3:E3 -> COMPOSIÇÃO DE PREÇO UNITÁRIO
A3: EQUIPAMENTOS

Sheet Equip.
A3: (EQUIPAMENTO - VALOR HORA - EXCLUSO MÃO DE OBRA DE OPERADOR)
A4: ITEM | B4: DESCRIÇÃO | D4: UNID | E4: HORAS | F4: VALOR HORA (R$) | G4: VALOR EQUIP./UND
A6: 4.1 | B6: Motosserra grande | D6: equip. | E6: 200 | F6: =ROUND('4.1'!F14/Equip.!E6,2) -> 11.09 | G6: ='4.1'!F14 -> 2218.56
A7: 4.2 | B7: Motosserra pequena | D7: equip. | E7: 200 | F7: =ROUND('4.2'!F14/Equip.!E7,2) -> 8.56 | G7: ='4.2'!F14 -> 1712.93
A8: 4.3 | B8: Motopodador | D8: equip. | E8: 200 | F8: =ROUND('4.3'!F14/Equip.!E8,2) -> 9.66 | G8: ='4.3'!F14 -> 1932.82
A9: 4.4 | B9: Soprador | D9: equip. | E9: 200 | F9: =ROUND('4.4'!F13/Equip.!E9,2) -> 6.58 | G9: ='4.4'!F13 -> 1315.66
A10: 4.5 | B10: Podador STIHL HS 82 R | D10: equip. | E10: 200 | F10: =ROUND('4.5'!F13/Equip.!E10,2) -> 6.61 | G10: ='4.5'!F13 -> 1321.52
A11: 4.6 | B11: Roçadeira STIHL FS 220 | D11: equip. | E11: 200 | F11: =ROUND('4.6'!F14/E11,2) -> 8.63 | G11: ='4.6'!F14 -> 1726.65
A12: 4.7 | B12: Triturador de galho sobre reboque, potência mínima de 25 hp com capacidade de trituração de galhos até 8". | D12: equip. | E12: 200 | F12: =ROUND('4.7'!F15/Equip.!E12,2) -> 83.65 | G12: ='4.7'!F15 -> 16729.39

Sheet 4.1
A2: COMPOSIÇÃO DE PREÇO UNITÁRIO
A3: EQUIPAMENTOS
A5: Motosserra Grande
A6: DESCRIÇÃO | C6: UNID. | D6: QUANT. | E6: PREÇO
E7: UNIT. | F7: TOTAL
A8: EQUIPAMENTO :
A9: Gasolina | C9: l | D9: 120 | E9: =Dados!B93 -> 6.54 | F9: =ROUND(D9*E9,2) -> 784.8
A10: Peças de reposição | C10: VB | D10: 1 | E10: =ROUND(D12*0.1,2) -> 458.02 | F10: =ROUND(D10*E10,2) -> 458.02
A11: Corrente | C11: Unid. | D11: 100 | E11: =ROUND(D12*0.12,2) -> 549.62 | F11: =E11 -> 549.62
A12: Depreciação | C12: 36 | D12: =Dados!B59 -> 4580.2 | E12: =ROUND(D12/C12,2) -> 127.23 | F12: =E12 -> 127.23
A13: Subtotal | F13: =SUM(F9:F12) -> 1919.67
A14: TOTAL GERAL MENSAL COM BDI (R$) | E14: =Dados!B8 -> 0.1557 | F14: =ROUND(F13*E14+F13,2) -> 2218.56

Sheet 4.2
A2: COMPOSIÇÃO DE PREÇO UNITÁRIO
A3: EQUIPAMENTOS
A5: Motosserra - Pequena
A6: DESCRIÇÃO | C6: UNID. | D6: QUANT. | E6: PREÇO
E7: UNIT. | F7: TOTAL
A8: EQUIPAMENTO :
A9: Gasolina | C9: l | D9: 120 | E9: =Dados!B93 -> 6.54 | F9: =ROUND(D9*E9,2) -> 784.8
A10: Peças de reposição | C10: VB | D10: 1 | E10: =ROUND(D12*0.1,2) -> 281.45 | F10: =ROUND(D10*E10,2) -> 281.45
A11: Corrente | C11: Unid. | D11: 100 | E11: =ROUND(D12*0.12,2) -> 337.73 | F11: =E11 -> 337.73
A12: Depreciação | C12: 36 | D12: =Dados!B60 -> 2814.45 | E12: =ROUND(D12/C12,2) -> 78.18 | F12: =E12 -> 78.18
A13: Subtotal | F13: =SUM(F9:F12) -> 1482.16
A14: TOTAL GERAL MENSAL COM BDI (R$) | E14: =Dados!B8 -> 0.1557 | F14: =ROUND(F13*E14+F13,2) -> 1712.93

Sheet 4.3
A2: COMPOSIÇÃO DE PREÇO UNITÁRIO
A3: EQUIPAMENTOS
A5: Motopodador
A6: DESCRIÇÃO | C6: UNID. | D6: QUANT. | E6: PREÇO
E7: UNIT. | F7: TOTAL
A8: EQUIPAMENTO :
A9: Gasolina | C9: l | D9: 120 | E9: =Dados!B93 -> 6.54 | F9: =ROUND(D9*E9,2) -> 784.8
A10: Peças de reposição | C10: VB | D10: 1 | E10: =ROUND(D12*0.1,2) -> 358.23 | F10: =ROUND(D10*E10,2) -> 358.23
A11: Corrente | C11: Unid. | D11: 100 | E11: =ROUND(D12*0.12,2) -> 429.88 | F11: =E11 -> 429.88
A12: Depreciação | C12: 36 | D12: =Dados!B61 -> 3582.33 | E12: =ROUND(D12/C12,2) -> 99.51 | F12: =E12 -> 99.51
A13: Subtotal | F13: =SUM(F9:F12) -> 1672.42
A14: TOTAL GERAL MENSAL COM BDI (R$) | E14: =Dados!B8 -> 0.1557 | F14: =ROUND(F13*E14+F13,2) -> 1932.82

Sheet 4.4
A2: COMPOSIÇÃO DE PREÇO UNITÁRIO
A3: EQUIPAMENTOS
A5: Soprador
A6: DESCRIÇÃO | C6: UNID. | D6: QUANT. | E6: PREÇO
E7: UNIT. | F7: TOTAL
A8: EQUIPAMENTO :
A9: Gasolina | C9: l | D9: 100 | E9: =Dados!B93 -> 6.54 | F9: =ROUND(D9*E9,2) -> 654
A10: Peças de reposição | C10: VB | D10: 1 | E10: =ROUND(D11*0.1,2) -> 379.1 | F10: =ROUND(D10*E10,2) -> 379.1
A11: Depreciação | C11: 36 | D11: =Dados!B62 -> 3791.04 | E11: =ROUND(D11/C11,2) -> 105.31 | F11: =E11 -> 105.31
A12: Subtotal | F12: =SUM(F9:F11) -> 1138.41
A13: TOTAL GERAL MENSAL COM BDI (R$) | E13: =Dados!B8 -> 0.1557 | F13: =ROUND(F12*E13+F12,2) -> 1315.66

Sheet 4.5
A2: COMPOSIÇÃO DE PREÇO UNITÁRIO
A3: EQUIPAMENTOS
A5: Podador STIHL HS 82 R
A6: DESCRIÇÃO | C6: UNID. | D6: QUANT. | E6: PREÇO
E7: UNIT. | F7: TOTAL
A8: EQUIPAMENTO :
A9: Gasolina | C9: l | D9: 100 | E9: =Dados!B93 -> 6.54 | F9: =ROUND(D9*E9,2) -> 654
A10: Peças de reposição | C10: VB | D10: 1 | E10: =ROUND(D11*0.1,2) -> 383.07 | F10: =ROUND(D10*E10,2) -> 383.07
A11: Depreciação | C11: 36 | D11: =Dados!B63 -> 3830.65 | E11: =ROUND(D11/C11,2) -> 106.41 | F11: =E11 -> 106.41
A12: Subtotal | F12: =SUM(F9:F11) -> 1143.48
A13: TOTAL GERAL MENSAL COM BDI (R$) | E13: =Dados!B8 -> 0.1557 | F13: =ROUND(F12*E13+F12,2) -> 1321.52

Sheet 4.6
A2: COMPOSIÇÃO DE PREÇO UNITÁRIO
A3: EQUIPAMENTOS
A5: Roçadeira
A6: DESCRIÇÃO | C6: UNID. | D6: QUANT. | E6: PREÇO
E7: UNIT. | F7: TOTAL
A8: EQUIPAMENTO
A9: Gasolina | C9: l | D9: 120 | E9: =Dados!B93 -> 6.54 | F9: =ROUND(D9*E9,2) -> 784.8
A10: Peças de reposição | C10: VB | D10: 1 | E10: =ROUND(D12*0.1,2) -> 358.6 | F10: =ROUND(D10*E10,2) -> 358.6
A11: Nylon | C11: Unid. | D11: 60 | E11: =ROUND(D12*0.07,2) -> 251.02 | F11: =E11 -> 251.02
A12: Depreciação | C12: 36 | D12: =Dados!B58-G12 -> 3586 | E12: =ROUND(D12/C12,2) -> 99.61 | F12: =E12 -> 99.61 | G12: -1
A13: Subtotal | F13: =SUM(F9:F12) -> 1494.03
A14: TOTAL GERAL MENSAL COM BDI (R$) | E14: =Dados!B8 -> 0.1557 | F14: =ROUND(F13*E14+F13,2) -> 1726.65

Sheet 4.7
A2: COMPOSIÇÃO DE PREÇO UNITÁRIO
A3: EQUIPAMENTOS
A5: Triturador de galhos
A6: DESCRIÇÃO | C6: UNID. | D6: QUANT. | E6: PREÇO
E7: UNIT. | F7: TOTAL
A8: Equipamento : Triturador de Galho
A9: Combustivel | C9: lts | D9: 350 | E9: =Dados!B95 -> 6.75 | F9: =ROUND(D9*E9,2) -> 2362.5
A10: Peças de reposição | C10: VB | D10: 1 | E10: =ROUND(D13*0.05/12,2) -> 1018.01 | F10: =ROUND(D10*E10,2) -> 1018.01
A11: Facas de corte | C11: JG | D11: 4 | E11: =ROUND(D13*0.05/12,2) -> 1018.01 | F11: =ROUND(D11*E11,2) -> 4072.04
A12: Óleo lubrif., filtros | C12: VB | D12: 1 | E12: =ROUND(F9*10%,2) -> 236.25 | F12: =ROUND(D12*E12,2) -> 236.25
A13: Depreciação | C13: 36 | D13: =Dados!B57 -> 244322.98 | E13: =ROUND(D13/C13,2) -> 6786.75 | F13: =E13 -> 6786.75
A14: Subtotal | F14: =SUM(F9:F13) -> 14475.55
A15: TOTAL GERAL MENSAL COM BDI (R$) | E15: =Dados!B8 -> 0.1557 | F15: =ROUND(F14*E15+F14,2) -> 16729.39

Sheet CAPA (8)
A2: FROTA
A3: VEÍCULOS E EQUIPAMENTOS

Sheet FROTA
A3: VEÍCULOS E EQUIPAMENTOS - QUANTIDADE - VILA VELHA
A5: ITEM | B5: DESCRIÇÃO | D5: UNID | E5: QUANT
A7: 1.1 | B7: Caminhão 3/4 com cabine operacional | D7: equip. | E7: ='PLANILHA DESCRITIVA'!E22 -> 5
A8: 1.2 | B8: Caminhão Munk com alcance mínimo de 15 metros c/ cesto aéreo | D8: equip. | E8: ='PLANILHA DESCRITIVA'!E37 -> 4
A9: 1.3 | B9: Caminhão Munk com alcance mínimo de 20 metros c/ cesto aéreo | D9: equip. | E9: ='PLANILHA DESCRITIVA'!E52 -> 1
A10: 1.4 | B10: Caminhão Basculante 6m³ c/ cabine operacional | D10: equip. | E10: ='PLANILHA DESCRITIVA'!E66 -> 1
A11: 1.5 | B11: Caminhão Carroceria PBT = 12.500 KG | D11: equip. | E11: ='PLANILHA DESCRITIVA'!E65 -> 1
A12: 1.6 | B12: Caminhão Toco Pipa (Cap 8.000 litros) - TURNO A e TURNO B | D12: equip. | E12: ='PLANILHA DESCRITIVA'!E90 -> 4
A13: 1.7 | B13: Ônibus (mínimo de 40 lugares) | D13: equip. | E13: ='PLANILHA DESCRITIVA'!E81 -> 4
A14: 1.8 | B14: Retroescavadeira 4x2 | D14: equip. | E14: ='PLANILHA DESCRITIVA'!E98 -> 1
B15: TOTAL | E15: =SUM(E7:E14) -> 21

Sheet CAPA (10)
A2: DADOS
A3: MÃO-DE-OBRA, VEÍCULOS, EQUIPAMENTOS E INSUMOS

Sheet Dados
A3: DADOS
A5: MÃO DE OBRA
A6: Função | B6: Salário/mês | C6: Fonte: CCT / Data Base | D6: Data Base
A7: Encargos sociais | B7: ='ENCARGOS SOCIAIS'!C42 -> 0.7385
A8: BDI Reduzido | B8: 0.1557
A9: BDI Padrão | B9: =BDI!B17 -> 0.2909
A10: Jardineiro | B10: 2263.29 | C10: ES000078/2026 | D10: janeiro/2026
A11: Agente Controlador | B11: 3238.24 | C11: ES000078/2026 | D11: janeiro/2026
A12: Encarregado / Supervisor | B12: 3391.98 | C12: ES000078/2026 | D12: janeiro/2026
A13: Operador Equipamentos leves | B13: 2096 | C13: ES000078/2026 | D13: janeiro/2026
A14: Gratificação Jardineiro | B14: 91.4 | C14: ES000078/2026 | D14: janeiro/2026
A15: Gratificação Oper. Equip. leves | B15: 91.4 | C15: ES000078/2026 | D15: janeiro/2026
A16: Gratificação Encarregado/Supervisor | B16: 568.86 | C16: ES000078/2026 | D16: janeiro/2026
A17: Salário Base | B17: 1846.29 | C17: ES000078/2026 | D17: janeiro/2026
A18: Alimentação jardineiro / encarreg./ oper. leves | B18: 815 | C18: ES000078/2026 | D18: janeiro/2026
A19: Café da manhã (lanche) - SELURES - SINDICATO ESTADUAL DAS EMPRESAS DE LIMPEZA URBANA DO ESPÍRITO SANTO | B19: 445 | C19: ES000078/2026 | D19: janeiro/2026
A20: Plano de Saúde - SELURES - SINDICATO ESTADUAL DAS EMPRESAS DE LIMPEZA URBANA DO ESPÍRITO SANTO | B20: 265.67 | C20: ES000078/2026 | D20: janeiro/2026
A21: Seguro de Vida | B21: 5.35 | C21: ES000078/2026 | D21: janeiro/2026
... A31: Vale Transporte | B31: 5.1 | C31: GVBus - Outubro/2025 | D31: Outubro/2025
A34: CAMINHÕES, MÁQUINAS E VEÍCULOS
A36: Descrição | B36: Valor de aquisição + Implemento | C36: Marca/Modelo Sugerido
A37: Caminhão 3/4 carroceria e cabine suplementar | B37: =SUM(B38:B40) -> 469604
A38: Caminhão 3/4 | B38: 427518 | C38: VOLKSWAGEN Modelo: 11-180 Delivery 4x2 2p (diesel)(E6) Ano Modelo: Zero KM Diesel | D38: Código Fipe: 515186-4- / Autenticação: vhk931wqkfj1g0 / Março/2026
A39: Cabine suplementar de 6 lugares | B39: 23390 | C39: Banco de Preços | D39: 46082
A40: Carroceria de Madeira | B40: 18696 | C40: CARROCERIA FIXA ABERTA DE MADEIRA PARA TRANSPORTE GERAL DE CARGA SECA DIMENSOES APROXIMADAS 2,25 X 4,1 X 0,50 M (INCLUI MONTAGEM, NAO INCLUI CAMINHAO) | D40: CÓDIGO 37727 - SINAPI VITÓRIA - ES - FEV/2026
A41: Caminhão CESTO AEREO 13m | B41: =SUM(B42:B46) -> 792748.74
A42: Caminhão Toco | B42: 591575.65 | C42: CAMINHAO TOCO, PESO BRUTO TOTAL 16000 KG, CARGA UTIL MAXIMA 11030 KG, DISTANCIA ENTRE EIXOS 5,41 M, POTENCIA 185 CV (INCLUI CABINE E CHASSI, NAO INCLUI CARROCERIA). | D42: 37752 - SINAPI - FEV/2026
A43: Guindauto Hidráulico | B43: 143750 | C43: GUINDAUTO HIDRAULICO, CAPACIDADE MAXIMA DE CARGA 6200 KG, MOMENTO MAXIMO DE CARGA 11,7 TM, ALCANCE MAXIMO HORIZONTAL 9,70 M, PARA MONTAGEM SOBRE CHASSI DE CAMINHAO PBT MINIMO 13000 KG (INCLUI MONTAGEM, NAO INCLUI CAMINHAO) | D43: 3363 - SINAPI VITÓRIA - ES - FEV/2026
A44: Carroceria de Madeira | B44: 18696 | C44: CARROCERIA FIXA ABERTA DE MADEIRA PARA TRANSPORTE GERAL DE CARGA SECA DIMENSOES APROXIMADAS 2,25 X 4,10 X 0,50 M (INCLUI MONTAGEM, NAO INCLUI CAMINHAO) | D44: 37727 - SINAPI - VITÓRIA/ES - FEV/2026
A45: Cabine suplementar de 6 lugares | B45: 23390 | C45: Banco de Preços | D45: 46082
A46: Cesto aéreo duplo em fibra (NR-12) | B46: 15337.09 | C46: Cotação Internet | D46: 45992
A47: Caminhão CESTO AEREO 20m | B47: =SUM(B48:B52) -> 792748.74
A48: Caminhão Toco | B48: 591575.65 | C48: CAMINHAO TOCO, PESO BRUTO TOTAL 16000 KG, CARGA UTIL MAXIMA 11030 KG, DISTANCIA ENTRE EIXOS 5,41 M, POTENCIA 185 CV (INCLUI CABINE E CHASSI, NAO INCLUI CARROCERIA). | D48: 37752 - SINAPI - FEV/2026
A49: Guindauto Hidráulico | B49: 143750 | C49: GUINDAUTO HIDRAULICO, CAPACIDADE MAXIMA DE CARGA 6200 KG, MOMENTO MAXIMO DE CARGA 11,7 TM, ALCANCE MAXIMO HORIZONTAL 9,70 M, PARA MONTAGEM SOBRE CHASSI DE CAMINHAO PBT MINIMO 13000 KG (INCLUI MONTAGEM, NAO INCLUI CAMINHAO) | D49: 3363 - SINAPI VITÓRIA - ES - FEV/2026
A50: Carroceria de Madeira | B50: 18696 | C50: CARROCERIA FIXA ABERTA DE MADEIRA PARA TRANSPORTE GERAL DE CARGA SECA DIMENSOES APROXIMADAS 2,25 X 4,10 X 0,50 M (INCLUI MONTAGEM, NAO INCLUI CAMINHAO) | D50: 37727 - SINAPI - VITÓRIA/ES - FEV/2026
A51: Cabine suplementar de 6 lugares | B51: 23390 | C51: Banco de Preços | D51: 46082
A52: Cesto aéreo duplo em fibra (NR-12) | B52: 15337.09 | C52: COTAÇÃO - Internet | D52: 45992
A54: Caminhão carroceria de madeira | B54: =SUM(B55:B56) -> 627660.23
A55: Caminhão Toco | B55: 591575.65 | C55: CAMINHAO TOCO, PESO BRUTO TOTAL 16000 KG, CARGA UTIL MAXIMA 11030 KG, DISTANCIA ENTRE EIXOS 5,41 M, POTENCIA 185 CV (INCLUI CABINE E CHASSI, NAO INCLUI CARROCERIA). | D55: 37752 - SINAPI - FEV/2026
A56: Carroceria de Madeira | B56: 36084.58 | C56: CARROCERIA FIXA ABERTA DE MADEIRA PARA TRANSPORTE GERAL DE CARGA SECA DIMENSOES APROXIMADAS 2,5 X 7,5 X 0,50 M (INCLUI MONTAGEM, NAO INCLUI CAMINHAO) | D56: CÓDIGO 37732 - SINAPI VITÓRIA - ES - FEV/2026
A57: Triturador de galho | B57: 244322.98 | C57: Marca Vermeer Modelo BC700SV#RB | D57: Vermeer Equipamentos e Tecnologias LTDA - Abril/2026
A58: Roçadeira | B58: 3585 | C58: Roçadeira stihl FS 220 lateral motor 2 tempos | D58: COTAÇÃO - Internet
A59: Motosserra grande | B59: 4580.2 | C59: Motosserra STIHL MS 462 | D59: COTAÇÃO - Internet
A60: Motosserra pequena | B60: 2814.45 | C60: Motosserra STIHL MS 260 | D60: COTAÇÃO - Internet
A61: Motopoda | B61: 3582.33 | C61: Motopoda STIHL HT 135 | D61: COTAÇÃO - Internet
A62: Soprador | B62: 3791.04 | C62: Soprador STIHL BR 600 | D62: COTAÇÃO - Internet
A63: Podador STIHL HS 82 R | B63: 3830.65 | C63: Podador STIHL HS 82 R | D63: COTAÇÃO - Internet
A64: Caminhão Toco basculante | B64: =B65+B66 -> 651716.62
A65: Caminhão Toco | B65: 591575.65 | C65: CAMINHAO TOCO, PESO BRUTO TOTAL 16000 KG, CARGA UTIL MAXIMA 11030 KG, DISTANCIA ENTRE EIXOS 5,41 M, POTENCIA 185 CV (INCLUI CABINE E CHASSI, NAO INCLUI CARROCERIA). | D65: 37752 - SINAPI - FEV/2026
A66: Caçamba basculante 6 m3 | B66: 60140.97 | C66: CACAMBA METALICA BASCULANTE COM CAPACIDADE DE 6 M3 (INCLUI MONTAGEM, NAO INCLUI CAMINHAO) | D66: CÓDIGO 037733 - SINAPI VITÓRIA - ES - FEV/2026
A67: Caminhão Pipa 8 mil lts | B67: =SUM(B68:B69) -> 685857.65
A68: Caminhão Toco | B68: 591575.65 | C68: CAMINHAO TOCO, PESO BRUTO TOTAL 16000 KG, CARGA UTIL MAXIMA 11030 KG, DISTANCIA ENTRE EIXOS 5,41 M, POTENCIA 185 CV (INCLUI CABINE E CHASSI, NAO INCLUI CARROCERIA). | D68: 37752 - SINAPI - FEV/2026
A69: Tanque Pipa 8.000 l | B69: 94282 | C69: Tanque para transporte de água com capacidade de 8.000 l | D69: SICRO - A9359
A70: ONIBUS Urbano | B70: 419954 | C70: MARCOPOLO - VOLARE URBANO V9L (diesel)(E5) - Ano Modelo: 2020 Diesel | D70: Código Fipe: 508073-8 – abril/2026 - Autenticação: t6qdbwm54wdj4
A72: Retroescavadeira 4x2 | B72: 419487.79 | C72: RETROESCAVADEIRA SOBRE RODAS COM CARREGADEIRA, TRACAO 4 X 2, POTENCIA LIQUIDA 79 HP, PESO OPERACIONAL MINIMO DE 6570 KG, CAPACIDADE DA CARREGADEIRA DE 1,00 M3 E DA RETROESCAVADEIRA MINIMA DE 0,20 M3, PROFUNDIDADE DE ESCAVACAO MAXIMA DE 4,37 M | D72: CÓDIGO 036530 - SINAPI VITÓRIA - ES - fev/2026
A74: PNEUS
A75: Descrição | B75: Unidade | C75: R$ Unitário | D75: Fonte
A76: PNEU 205/60R15 | B76: un | C76: 546.39 | D76: Cotação
A77: PNEU RADIAL R163 275/80R22,5 | B77: un | C77: 2863.62 | D77: Cotação
A78: CAMARA | B78: un | C78: 287.64 | D78: Cotação
A79: RECAPAGEM | B79: un | C79: 563.7 | D79: Cotação
A80: PNEU 215/75R17,5 M814 | B80: un | C80: 1966.5 | D80: Cotação
A81: CAMARA 215/75 | B81: un | C81: 143.75 | D81: Cotação
A82: RECAPAGEM 215/75 | B82: un | C82: 402.5 | D82: Cotação
A83: PROTETOR | B83: un | C83: 126.5 | D83: Cotação
A84: PNEU MÁQUINAS | B84: un | C84: 4087.1 | D84: Cotação
A85: RECAPAGEM | B85: un | C85: 1044.36 | D85: Cotação
A86: LAVAGEM VEÍCULOS | B86: un | C86: 65 | D86: Cotação
A87: LAVAGEM CAMINHÕES | B87: un | C87: 150 | D87: Cotação - Banco de Preço
A88: MONITORAMENTO GPS | B88: un | C88: 65 | D88: Cotação - Banco de Preço
A90: COMBUSTÍVEIS
A92: Descrição | B92: R$ Unitário | C92: Fonte | D92: Data Base
A93: Gasolina comum | B93: 6.54 | C93: ANP - LEVANTAMENTO DE PREÇOS DE COMBUSTÍVEIS - VILA VELHA - ES | D93: 46112
A94: Diesel S10 | B94: 6.87 | C94: ANP - LEVANTAMENTO DE PREÇOS DE COMBUSTÍVEIS - VILA VELHA - ES | D94: 46112
A95: Diesel comum | B95: 6.75 | C95: ANP - LEVANTAMENTO DE PREÇOS DE COMBUSTÍVEIS - VILA VELHA - ES | D95: 46112
A98: FERRAMENTAS
A100: Descrição | B100: R$ Unitário | C100: Fonte | D100: Data Base
A101: Ancinho metálico com 12 dentes para jardinagem – cabo de madeira (GRANDE) | B101: 35.9 | C101: Cotação Internet | D101: 45992
A102: Ancinho metálico com 3 dentes para jardinagem – cabo de madeira (PEQUENA) | B102: 17.42 | C102: Cotação Internet | D102: 45992
A103: Bombona de plástico | B103: 319 | C103: Cotação Internet | D103: 45992
A104: Carrinho de mão | B104: 271.57 | C104: DER-ES - 830114 - | D104: 46023
A105: Cavalete em polietileno zebrado com faixa refletiva | B105: 366.49 | C105: SICRO - M0771 | D105: 46023
A106: Cavadeira de braço | B106: 75.53 | C106: DER-ES - '310911 | D106: 46023
A107: Chibanca | B107: 83.69 | C107: Cotação Internet | D107: 45992
A108: Corda de Poliamida 12 Mm Tipo Bombeiro - 100 M | B108: 412.48 | C108: SINAPI - 38200 | D108: 46054
A109: Enxada estreita | B109: 44.01 | C109: Banco de Preços | D109: 45992
A110: Enxada larga | B110: 77.1 | C110: Banco de Preços | D110: 45992
A111: Facão para mato | B111: 23.91 | C111: Cotação Internet | D111: 45992
A112: Fita zebrada (laranja e branca, 7 a 8 cm) M | B112: 0.07 | C112: SICRO - M0054 | D112: 46023
... A132: GRAMA EM PLACAS TIPO ESMERALDA M² | B132: 14.83 | C132: DER-ES - 038509 | D132: 46023
A133: BANHEIRO QUIMICO (LOCAÇÃO) | B133: 1130.49 | C133: Banco de Preços | D133: dez/2025
A135: UNIFORMES / EPI'S
A137: Descrição | B137: R$ Unitário | C137: Fonte | D137: Data Base
A140: UNIFORME
A141: Conjunto (Calça e Camisa de brim) | B141: 192.42 | C141: SINAPI ES - FEV/2026 | D141: 045267
A142: Calçado | B142: 84.88 | C142: SINAPI ES - FEV/2026 | D142: 012893
A143: Colete refletivo | B143: 21.39 | C143: DER-ES - JANEIRO 2026 | D143: 820113
A144: Boné | B144: =COTAÇÕES!C338 -> 22.64 | C144: COTAÇÃO | D144: DEZ/2025
A145: Capa de chuva | B145: 23.09 | C145: SINAPI ES - FEV/2026 | D145: 012894
A146: Total conjunto | B146: =SUM(B141:B145) -> 344.42
...

Sheet CAPA (11)
A2: COTAÇÕES DE PREÇOS
A3: VEÍCULOS, EQUIPAMENTOS E INSUMOS

Sheet COTAÇÕES
A3: VEÍCULOS, EQUIPAMENTOS E INSUMOS - COTAÇÕES - VILA VELHA
A7: =Veículos!A13 -> 2.7 | B7: ='2.7'!A5 -> ÔNIBUS URBANO capacidade 40 passageiros
A25: MENOR PREÇO: | C25: 385375.3
A26: Fonte: https://lista.mercadolivre.com.br/onibus-urbano-usados?
A28: =Dados!A57 -> Triturador de galho
A47: MENOR PREÇO: | C47: 107234
A48: Fonte: https://www.marketbook.com.br/listas/para-venda/vermeer/bc700xl/picadores-de-madeira-rebocaveis/31463
A52: =Dados!A58 -> Roçadeira
A86: MENOR PREÇO: | C86: 5513
A87: Fonte: https://lista.mercadolivre.com.br/rocadeira-stihl-fs-220-profissional
A92: =Dados!A59 -> Motosserra grande
A113: MENOR PREÇO: | C113: 4735
A114: Fonte: https://www.mercadolivre.com.br/motosserra-a-gasolina-stihl-profesional-ms-382-722-cc-53-cv-cor-laranja
A121: CABINE AUXILIAR / COMPLEMENTAR
A156: MENOR PREÇO: | C156: 12000
A157: Fonte: https://www.olx.com.br/anuncios/cabine-auxiliar?
A160: RASTELO
A189: MENOR PREÇO: | C189: 75.01
A190: Fonte: https://lista.mercadolivre.com.br/rastelo-de-ferro-com-cabo?
A194: FOICE COM CABO
A225: MENOR PREÇO: | C225: 64.9
A226: Fonte: https://lista.mercadolivre.com.br/foice-com-cabo?sb=all_mercadolibre#D[A:FOICE%20COM%20CABO]
A230: BOMBONA DE PLÁSTICO
A262: MENOR PREÇO: | C262: 179.9
A263: Fonte: https://lista.mercadolivre.com.br/bombona-de-pl%C3%A1stico?sb=all_mercadolibre#D[A:BOMBONA%20DE%20PL%C3%81STICO]
A268: COLETE REFLETIVO
A300: MENOR PREÇO: | C300: 23.9
A301: Fonte: https://lista.mercadolivre.com.br/colete-refletivo?sb=all_mercadolibre#D[A:COLETE%20REFLETIVO]
A305: BONÉ
A338: MENOR PREÇO: | C338: 22.64
A339: Fonte: https://lista.mercadolivre.com.br/bone-arabe-brim
A343: LUVA TRICOTADA
A382: MENOR PREÇO: | C382: 2.3
A383: Fonte: https://lista.mercadolivre.com.br/luva-tricotada-algodao?sb=all_mercadolibre#
A387: TOUCA NINJA
A432: MENOR PREÇO: | C432: 19
A433: https://lista.mercadolivre.com.br/touca-ninja?sb=all_mercadolibre#D[A:TOUCA%20NINJA]
A436: BOTA DE BORRACHA
A482: MENOR PREÇO: | C482: 49.9
A483: Fonte: https://lista.mercadolivre.com.br/bota-de-borracha-epi#D[A:BOTA%20DE%20BORRACHA%20EPI]
A488: MACACÃO IMPERMEÁVEL DESCARTÁVEL
A521: MENOR PREÇO: | C521: 13.18
A522: Fonte: https://lista.mercadolivre.com.br/macac%C3%A3o-imperme%C3%A1vel-descart%C3%A1vel?sb=all_mercadolibre#D [A:MACAC%C3%83O%20IMPERME%C3%81VEL%20DESCART%C3%81VEL]
A525: CAPACETE DE OBRA COM CARNEIRA
A559: MENOR PREÇO: | C559: 69.49
A560: Fonte: https://lista.mercadolivre.com.br/capacete-de-obra-com-carneira?sb=all_mercadolibre#D[A:capacete%20de%20obra%20com%20carneira
A564: Veiculo Pickup 500 Kg | B564: 92985 | C564: VW - VolksWagen - Modelo: Saveiro Robust 1.6 Total Flex 16V | D564: TABELA FIPE: Código Fipe: 005538-7 - Autenticação cghknzgy41fd2v
